 Dungeon Crawl Stone Soup version 0.20-a0-502-g555d78b (webtiles) character file.

11916585 prestonbroadus the Archmage (level 27, 182/182 HPs)
             Began as a Deep Elf Summoner on Jan 15, 2017.
             Was a High Priest of Sif Muna.
             Escaped with the Orb
             ... and 15 runes on Jan 20, 2017!
             The game lasted 16:40:44 (136867 turns).

prestonbroadus the Archmage (Deep Elf Summoner)   Turns: 136867, Time: 16:40:45

Health: 182/182    AC: 24    Str: 17    XL:     27
Magic:  53/65      EV: 22    Int: 50    God:    Sif Muna [*****.]
Gold:   7854       SH: 15    Dex: 13    Spells: 2/80 levels left

rFire    + + +     SeeInvis .   I - staff of cold
rCold    + + .     Gourm    .   Z - +2 faerie dragon scales {rCorr MP+9 Str+4}
rNeg     + . .     Faith    .   B - +2 shield of Lethargy {rF+ Str+4}
rPois    +         Spirit   .   k - +2 helmet of Winter {Int+6}
rElec    +         Reflect  .   x - +2 cloak {rF+}
rCorr    +         Harm     .   a - +3 pair of gauntlets of War {Slay+5}
MR       +++..                  t - +2 pair of boots {run}
Stlth    +.........             G - amulet of Voeludwa {RegenMP +Inv Str-2 Int+6 Slay+3}
Regen    0.4/turn               e - ring "Jesyeps" {rPois rF+ MR+ Int+4 Dex-2}
                                T - ring of Ciwu {rC+ rN+ Str+4}

@: repel missiles, quick
A: deformed body, shaggy fur 1, electricity resistance, strong 1
0: Orb of Zot
}: 15/15 runes: serpentine, barnacled, slimy, silver, golden, iron, obsidian,
icy, bone, abyssal, demonic, glowing, magical, fiery, dark
a: Divine Energy, Channel Magic, Forget Spell, Renounce Religion, Evoke
Invisibility


You escaped.
You worshipped Sif Muna.
Sif Muna was extremely pleased with you.
You were hungry.

You visited 18 branches of the dungeon, and saw 90 of its levels.
You visited Pandemonium 2 times, and saw 33 of its levels.
You visited the Abyss 2 times.
You visited 1 bazaar.
You visited 2 ziggurats, and saw 28 of their levels (deepest: 17).
You also visited: Trove, Bailey and Volcano.

You collected 15879 gold pieces.
You spent 8025 gold pieces at shops.

Inventory:

Hand Weapons
 o - the +4 staff of Dispater
   (You took it off Dispater on level 7 of the Iron City of Dis)
Armour
 a - the +3 pair of gauntlets of War (worn) {Slay+5}
   (You bought it in a shop on level 12 of the Dungeon)

   It affects your accuracy and damage with ranged weapons and melee attacks
   (+5).
 k - the +2 helmet of Winter (worn) {Int+6}
   (You bought it in a shop in a bazaar)

   It affects your intelligence (+6).
 t - a +2 pair of boots of running (worn)
 x - a +2 cloak of fire resistance (worn)
 B - the +2 shield of Lethargy (worn) {rF+ Str+4}
   (You found it in Pandemonium)

   It affects your strength (+4).
   It protects you from fire.
 F - +10 pearl dragon scales
 Z - the +2 faerie dragon scales (worn) {rCorr MP+9 Str+4}
   (You took it off the Enchantress on level 4 of the Depths)

   It affects your strength (+4).
   It affects your magic capacity (+9).
   It protects you from acid and corrosion.
Magical Staves
 I - an uncursed staff of cold (weapon)
 W - an uncursed staff of death
Jewellery
 e - the ring "Jesyeps" (right hand) {rPois rF+ MR+ Int+4 Dex-2}
   (You found it in Pandemonium)

   [ring of protection from magic]

   It affects your intelligence (+4).
   It affects your dexterity (-2).
   It protects you from fire.
   It protects you from poison.
   It affects your resistance to hostile enchantments.
 q - the ring of the Echidna {Int+7 Dex+9 Slay-3 Stlth+}
   (You found it in Pandemonium)

   [ring of stealth]

   It affects your intelligence (+7).
   It affects your dexterity (+9).
   It affects your accuracy and damage with ranged weapons and melee attacks
   (-3).
   It makes you more stealthy.
 r - the amulet of Kagreradd {rF+ Regen+ SInv}
   (You found it on level 5 of a ziggurat)

   [amulet of regeneration]

   It protects you from fire.
   It lets you see invisible.
   It increases your rate of regeneration.
 v - the ring "Imucliff" {*Tele rPois rC+ rN+}
   (You took it off Antaeus on level 7 of Cocytus)

   [ring of teleportation]

   It may teleport you next to monsters.
   It protects you from cold.
   It protects you from poison.
   It protects you from negative energy.
 E - the ring "Moydikle" {rElec rN++ Int-3 SInv Stlth+}
   (You found it on level 7 of Cocytus)

   [ring of stealth]

   It affects your intelligence (-3).
   It insulates you from electricity.
   It greatly protects you from negative energy.
   It lets you see invisible.
   It makes you more stealthy.
 G - the amulet of Voeludwa (around neck) {RegenMP +Inv Str-2 Int+6 Slay+3}
   (You found it in a treasure trove)

   [amulet of magic regeneration]

   It increases your magic regeneration.
   It affects your strength (-2).
   It affects your intelligence (+6).
   It affects your accuracy and damage with ranged weapons and melee attacks
   (+3).
   It lets you turn invisible.
 N - the ring "Aro Kuab" {+Inv rF+ MR+ Str+2}
   (You took it off a monstrous demonspawn in Pandemonium)

   [ring of protection from fire]

   It affects your strength (+2).
   It protects you from fire.
   It affects your resistance to hostile enchantments.
   It lets you turn invisible.
 T - the ring of Ciwu (left hand) {rC+ rN+ Str+4}
   (You took it off a deep elf sorcerer on level 3 of the Elven Halls)

   [ring of protection from cold]

   It affects your strength (+4).
   It protects you from cold.
   It protects you from negative energy.
Wands
 d - a wand of iceblast (4/15)
 g - a wand of clouds (1/9)
 D - a wand of digging (14/24)
 R - a wand of clouds (8/9)
Scrolls
 h - 18 scrolls of teleportation
 i - 42 scrolls of remove curse
 j - 25 scrolls of recharging
 m - 7 scrolls of immolation
 y - 10 scrolls of blinking
 z - a scroll of enchant armour
 P - 9 scrolls of holy word
 Q - a scroll of summoning
 X - 6 scrolls of fog
Potions
 l - 9 potions of curing
 n - 8 potions of might
 p - 9 potions of brilliance
 s - a potion of heal wounds
 A - 2 potions of ambrosia
 C - 11 potions of cure mutation
 J - 10 potions of haste
 L - 12 potions of agility
 M - a potion of magic
 S - a potion of cancellation
 U - a potion of invisibility
 V - 3 potions of resistance
Books
 u - Sif Muna's Handbook of Lightness and Dark Arts
   (Sif Muna gifted it to you on level 3 of Cocytus)

   Spells                             Type                      Level
   a - Regeneration                   Charms/Necromancy            3
   b - Silence                        Hexes/Air                    5
   c - Dispel Undead                  Necromancy                   5
   d - Freezing Cloud                 Conjuration/Ice/Air          6
   e - Haunt                          Necromancy/Summoning         7
   f - Chain Lightning                Conjuration/Air              8
 w - a Necronomicon

   Spells                             Type                      Level
   a - Haunt                          Necromancy/Summoning         7
   b - Borgnjor's Revivification      Necromancy                   8
   c - Death's Door                   Charms/Necromancy            8
   d - Infestation                    Necromancy                   8
   e - Necromutation                  Transmutation/Necromancy     8
Miscellaneous
 b - the horn of Geryon
 f - 4 sacks of spiders
 K - a phial of floods
 O - a lamp of fire
Comestibles
 c - 14 bread rations


   Skills:
 - Level 21.0 Fighting
 - Level 14.5 Staves
 - Level 11.8 Armour
 - Level 18.1 Dodging
 - Level 2.4 Stealth
 - Level 15.0 Shields
 O Level 27 Spellcasting
 - Level 26.0 Conjurations
   Level 8.0 Hexes
 - Level 6.1 Charms
 - Level 23.7 Summonings
 - Level 14.7 Necromancy
 - Level 8.8 Translocations
 - Level 25.7 Ice Magic
 - Level 1.6 Air Magic
 - Level 25.7 Earth Magic
 * Level 21.9 Invocations
 * Level 16.2 Evocations


You had 2 spell levels left.
You knew the following spells:

 Your Spells              Type           Power        Failure   Level  Hunger
a - Spellforged Servitor  Conj/Summ      ########..   0%          7    None
b - Throw Icicle          Conj/Ice       ########     0%          4    None
c - Borgnjor's Revivific  Necr           ########..   2%          8    None
e - Control Undead        Necr           ########..   0%          4    None
f - Dragon's Call         Summ           ########..   1%          9    None
g - Passage of Golubria   Tloc           N/A          1%          4    None
h - Lee's Rapid Deconstr  Erth           ########..   0%          5    None
j - Apportation           Tloc           ######       0%          1    None
k - Blink                 Tloc           N/A          0%          2    None
l - Repel Missiles        Chrm/Air       ######       1%          2    None
m - Regeneration          Chrm/Necr      ########..   0%          3    None
n - Malign Gateway        Summ/Tloc      ########..   1%          7    None
o - Glaciate              Conj/Ice       #########.   1%          9    None
p - Aura of Abjuration    Summ           ########..   0%          5    None
q - Lehudib's Crystal Sp  Conj/Erth      ########..   1%          8    None


Dungeon Overview and Level Annotations

Branches:
Dungeon (15/15)            Temple (1/1) D:4            Lair (6/6) D:11
 Shoals (4/4) Lair:3        Snake (4/4) Lair:3        Slime (5/5) Lair:6
    Orc (2/2) D:12            Elf (3/3) Orc:2        Vaults (5/5) D:13
  Crypt (3/3) Vaults:2       Tomb (3/3) Crypt:3      Depths (5/5) D:15
   Hell (1/1)                 Dis (7/7) Hell            Geh (7/7) Hell
    Coc (7/7) Hell            Tar (7/7) Hell            Zot (5/5) Depths:5

Altars:
Ashenzari
Cheibriados
Dithmenos
Elyvilon
Fedhas
Gozag
Hepliaklqana
Kikubaaqudgha
Makhleb
Nemelex Xobeh
Okawaru
Qazlal
Ru
Sif Muna
Trog
Uskayaw
Vehumet
Xom
Yredelemnul
Zin
The Shining One

Shops:
D:6 [   D:7 *   D:10 =   D:12 [(   D:13 =   Orc:2 ![}(   Zot:4 *   Depths:1 **
Depths:3 %?}   Depths:4 %*}(*

Portals:
Hell: Depths:1 Depths:2 Depths:3 Depths:4 Depths:5
Abyss: Depths:2 Depths:4
Pandemonium: Depths:2 Depths:3 Depths:5

Annotations:
D:3 exclusion: downstairs
D:4 exclusion: 2 downstairs
D:9 exclusion: 2 upstairs
Shoals:2 exclusion: downstairs
Snake:2 exclusion: downstairs
Depths:3 exclusion: downstairs
Depths:4 3 runed doors
Coc:7 exclusion: ice statue


Innate Abilities, Weirdness & Mutations

Armour fits poorly on your strangely shaped body.
You are covered in fur. (AC +1)
You are resistant to electric shocks. (rElec)
Your muscles are strong. (Str +2)


Message History

The great icy blast engulfs the reaper.
The reaper partially resists.
The reaper is severely wounded.
The reaper is flash-frozen.
The reaper is engulfed in freezing vapours.
The reaper is engulfed in freezing vapours.
There is a large open door here.
There is a staircase leading out of the dungeon here.
Casting: Glaciate
Confirm with . or Enter, or press ? or * to list all spells.
Aiming: Glaciate
Press: ? - help, Shift-Dir - straight line, f - reaper
Aim: a reaper, wielding a scythe of slicing (severely wounded, encased in ice)
You feel a surge of power!
You conjure a mighty blast of ice!
The great icy blast engulfs the reaper.
The reaper partially resists.
The reaper is frozen into a solid block of ice!
You kill the reaper!
Sif Muna accepts your kill.
You hear a roar!
You hear an angry buzzing noise.
Unknown command.
You have escaped!

..##..≈≈≈≈...##≈.(......≈≈≈≈....#
..###.#≈≈≈≈...§....#...≈≈≈≈#.#'##
..# #.###≈≈≈...§§§§§..≈≈≈###.#.#
..# #..########8§§§########..#.#
..# ##..###⌠..#§§§§#..⌠###..##.#
### ##..###§.##§§##..###..###.##
##.# #'##§§§.##'# #.###.).. #.#
#...§§.....# #.# #.... ###### #.#
#≈≈≈.@..≈≈≈# #.# #.... .....#
#.####≈≈≈≈≈≈≈≈####.# #.... .....#
#..##############..# #.... .....#
##..####≈≈≈≈####..## #.... .....#
##.†.##≈..≈##....# #.... .....#
##...##''##..#..# #....
.....#####..#........##.## #....
.....'..................# ##.##
.....#################.## #.#


There were no monsters in sight!

Vanquished Creatures
  Cerebov (Pan)
  Asmodeus (Geh:7)
  Antaeus (Coc:7)
  Mnoleg (Pan)
  Lom Lobon (Pan)
  A seraph (Pan)
  the Serpent of Hell (Coc:7)
  Gloorx Vloq (Pan)
  Dispater (Dis:7)
  7 ancient liches
  8 orbs of fire (Zot:5)
  Mara (Depths:3)
  A juggernaut (Zig:3)
  18 greater mummies
  A shard shrike (Coc:7)
  Saint Roka (Depths:4)
  Vashnia (Snake:3)
  4 curse toes
  3 Killer Klowns
  Frederick (Abyss:1)
  Geryon (Hell)
  Xtahua (Crypt:2)
  A caustic shrike (shapeshifter) (Vaults:2)
  6 golden dragons
  A profane servitor (Zig:14)
  8 bone dragons
  2 pearl dragons (Pan)
  5 doom hounds
  12 pandemonium lords
  25 Brimstone Fiends
  Jory (Vaults:2)
  17 Tzitzimimeh
  An electric golem (Zot:5)
  7 tentacled monstrosities
  Jorgrun (Vaults:5)
  5 iron giants
  A hellephant (Zig:17)
  17 liches
  8 Hell Sentinels
  Asterion (Snake:3)
  12 Ice Fiends
  9 quicksilver dragons
  2 titans
  A deep elf blademaster (Zig:15)
  22 Orb Guardians
  2 deep elf master archers (Zig:15)
  3 sphinxes
  7 tentacled starspawn
  A kraken (Shoals:3)
  29 Executioners
  3 acid blobs (Slime:5)
  22 ancient champions
  7 death cobs
  6 shadow dragons
  2 thorn hunters (Zig:11)
  An eldritch tentacle (Depths:1)
  2 tengu reavers
  14 storm dragons
  14 daevas (Pan)
  7 azure jellies
  11 nagarajas
  5 fire giants
  10 revenants
  6 warmongers (Pan)
  3 blood saints (Pan)
  7 draconian monks
  16 frost giants
  2 draconian knights (Zig:12)
  9 draconian scorchers
  Aizul (Shoals:2)
  4 iron dragons
  3 emperor scorpions
  6 ghost moths
  13 vault wardens
  22 balrugs
  A deep elf sorcerer (Vaults:2)
  A deep elf elementalist (Elf:1)
  4 draconian shifters
  10 cacodemons (Pan)
  2 juggernaut zombies
  6 curse skulls
  15 ironheart preservers
  24 angels (Pan)
  2 ghouls (Crypt:3)
  5 draconian stormcallers
  51 reapers
  9 draconian annihilators
  4 entropy weavers
  6 corrupters (Pan)
  14 ophanim (Pan)
  19 very ugly things
  6 war gargoyles (Dis:7)
  29 apis (Pan)
  10 vampire knights
  9 black draconians
  9 green draconians
  16 lorocyprocas
  19 stone giants
  4 deep elf demonologists
  3 bennus (Tomb:1)
  9 yellow draconians
  4 black suns
  7 deep elf annihilators
  7 red draconians
  2 spark wasps
  The ghost of wazuzu the Impaler, a journeyman NaBe of Trog (Orc:2)
  20 eidola
  8 purple draconians
  6 dire elephants
  A dire elephant (shapeshifter) (Vaults:3)
  7 white draconians
  3 merfolk javelineers
  7 merfolk impalers
  31 blizzard demons
  20 green deaths
  7 ettins
  A death ooze (Slime:5)
  6 quicksilver dragon zombies
  9 fire dragons
  11 deep elf death magi
  5 jiangshi
  3 deep elf high priests
  16 mummy priests
  13 great orbs of eyes
  7 yaktaur captains
  7 hydras
  4 hell beasts
  9 rakshasas
  15 naga warriors
  16 ice dragons
  A quicksilver dragon skeleton (Zig:6)
  An ice dragon (shapeshifter) (Vaults:2)
  13 vault guards
  6 merfolk aquamancers
  5 monstrous demonspawn (Pan)
  2 spriggan air magi
  A merfolk avatar (Shoals:3)
  48 two-headed ogres
  12 centaur warriors
  2 death knights
  2 alligators (Zig:11)
  9 anacondas
  37 hell hogs
  An alligator snapping turtle (Shoals:4)
  A queen ant (shapeshifter) (Vaults:2)
  30 dancing weapons
  46 death scarabs
  11 deep troll earth magi
  7 deep troll shamans
  A satyr (Abyss:3)
  A tengu warrior (Depths:3)
  15 ogre magi
  3 orc high priests
  4 titan zombies
  A spriggan berserker (Depths:5)
  30 sun demons
  17 naga sharpshooters
  15 vampire magi
  24 deep elf knights
  8 thrashing horrors
  3 titan skeletons
  4 iron golems
  9 shock serpents
  70 skeletal warriors
  A storm dragon zombie (Crypt:1)
  42 soul eaters
  A fire crab (shapeshifter) (Vaults:2)
  A fire crab (Zig:6)
  2 golden dragon zombies
  3 salamander mystics (Snake:4)
  16 sixfirhies
  3 storm dragon skeletons
  4 iron trolls
  16 shadow wraiths
  A spriggan druid (Zig:11)
  3 spatial maelstroms
  7 wretched stars
  3 glowing orange brains
  19 hell knights
  16 starcursed masses
  14 sea snakes
  14 cherubim (Pan)
  4 anaconda zombies
  16 shadow demons
  4 torturous demonspawn (Pan)
  3 spark wasp zombies
  8 flayed ghosts
  A ghost moth zombie (Tar:6)
  9 wizards
  An orange crystal statue (Zig:3)
  A kraken simulacrum (Coc:7)
  9 infernal demonspawn (Pan)
  2 swamp dragons
  15 deep trolls
  3 unseen horrors (D:14)
  3 shambling mangroves (Zig:11)
  4 golden dragon skeletons
  8 naga ritualists
  A sphinx zombie (Zig:11)
  7 deep elf archers
  6 gelid demonspawn (Pan)
  15 harpies
  13 orc knights
  16 phantasmal warriors
  4 shadow dragon zombies
  18 ironbrand convokers
  9 oklob plants (Zig:10)
  3 wolf spider zombies
  3 iron dragon zombies
  31 ugly things
  7 anaconda skeletons
  51 deep elf magi
  2 lindwurms (Volcano)
  5 orc sorcerers
  7 necromancers
  3 orb spiders
  A tengu skeleton (Zig:10)
  7 mana vipers
  6 frost giant zombies
  11 salamanders
  3 shadow dragon skeletons
  4 fire giant zombies
  55 large abominations
  7 iron dragon skeletons
  4 stone giant zombies
  12 wolf spiders
  5 cyclopes
  10 manticores
  A manticore (shapeshifter) (Depths:3)
  5 fauns (Shoals:1)
  A worldbinder (Abyss:3)
  6 water nymphs
  24 moths of wrath
  5 stone giant skeletons
  2 dire elephant zombies
  5 merfolk sirens
  15 vault sentinels
  2 frost giant skeletons
  4 titan simulacra (Coc:7)
  4 shock serpent zombies
  4 elephants (Lair:6)
  25 black mambas
  22 rust devils
  8 naga magi
  2 ice statues (Hell)
  A shock serpent skeleton (Crypt:2)
  5 guardian serpents
  A guardian serpent (shapeshifter) (Vaults:2)
  40 smoke demons
  3 apocalypse crabs
  4 molten gargoyles
  2 torpor snails
  11 orange demons
  8 storm dragon simulacra
  27 hellions
  7 spiny frogs
  A rime drake (Snake:1)
  A rime drake (shapeshifter) (Vaults:2)
  2 dire elephant skeletons
  47 yaktaurs
  6 efreet
  15 demonic crawlers
  11 ice devils
  An iron troll zombie (Dis:6)
  2 alligator snapping turtle skeletons
  A yaktaur (shapeshifter) (D:15)
  A catoblepas skeleton (Geh:7)
  42 tormentors
  3 anaconda simulacra
  20 freezing wraiths
  5 trolls
  2 ancient zymes
  34 guardian mummies
  A queen bee (Lair:3)
  A tengu conjurer (Depths:3)
  33 hellwings
  24 red devils
  2 harpy zombies
  27 merfolk
  A minotaur zombie (Dis:7)
  2 wind drakes
  8 jumping spiders
  A merfolk (shapeshifter) (Vaults:3)
  A queen bee (shapeshifter) (Vaults:3)
  5 hydra zombies
  2 polar bears (shapeshifter)
  9 hornets
  10 hydra skeletons
  2 blink frogs (shapeshifter) (Vaults:3)
  2 harpy skeletons
  5 blink frogs
  6 raiju
  2 ettin zombies
  2 wind drakes (shapeshifter)
  22 slime creatures
  A fire giant simulacrum (Crypt:1)
  An ice dragon zombie (Dis:7)
  7 snapping turtles
  5 bog bodies
  A slime creature (shapeshifter) (Vaults:2)
  A centaur simulacrum (D:13)
  2 fire dragon zombies
  3 alligator zombies
  A spriggan zombie (Depths:2)
  A dream sheep (Shoals:2)
  56 flying skulls
  A hippogriff (shapeshifter) (Vaults:1)
  6 hippogriffs
  A tarantella (shapeshifter) (Zig:8)
  A fire dragon skeleton (Coc:3)
  7 tarantellas
  A spriggan (Depths:4)
  11 air elementals
  2 ice dragon skeletons
  5 ushabtiu
  2 vampires (D:14)
  2 black mamba zombies
  An orc simulacrum (Vaults:2)
  2 ettin skeletons
  A basilisk (Lair:4)
  5 redbacks
  23 wraiths
  20 ynoxinuls
  13 shadows
  22 fire elementals
  A hog (shapeshifter) (Vaults:1)
  25 water elementals
  10 yaks
  13 neqoxecs
  4 fire bats (Geh:2)
  2 elf zombies
  2 vampire mosquitoes (Zig:11)
  17 chaos spawn
  A hungry ghost (Tar:7)
  A redback simulacrum (D:13)
  2 yaktaur simulacra
  A harpy simulacrum (D:13)
  44 nagas
  6 wargs
  5 acid dragons
  4 spatial vortices
  7 water moccasins
  5 swamp worms (Lair:5)
  8 hydra simulacra (Coc:7)
  36 hell hounds
  A spiny frog zombie (Hell)
  7 porcupines
  A black bear (Lair:4)
  A floating eye (Depths:2)
  A swamp drake (Lair:5)
  5 snapping turtle zombies
  27 orc warriors
  An eye of draining (shapeshifter) (Depths:3)
  A fire dragon simulacrum (Tomb:2)
  A swamp dragon zombie (Geh:2)
  An eye of draining (Zig:17)
  4 spiny frog skeletons
  An ogre (shapeshifter) (Vaults:4)
  17 necrophages
  25 ogres
  4 phantoms
  A manticore zombie (Geh:2)
  3 wolves
  A dream sheep skeleton (Crypt:1)
  3 swamp dragon skeletons
  A boggart (shapeshifter) (Vaults:5)
  13 centaurs
  2 snapping turtle skeletons
  5 crocodiles
  A rime drake skeleton (Crypt:2)
  A glowing shapeshifter simulacrum (Vaults:3)
  8 bullfrogs
  A hippogriff skeleton (Crypt:1)
  2 spiny frog simulacra (Crypt:1)
  An earth elemental (Zig:15)
  An elf skeleton (Crypt:1)
  4 wyvern skeletons (Crypt:3)
  A water moccasin skeleton (D:6)
  A cyclops skeleton (Crypt:1)
  A killer bee (Lair:3)
  A scorpion (D:4)
  8 small abominations
  44 wights
  A howler monkey (D:9)
  An electric eel (D:8)
  2 hounds
  A wolf skeleton (Crypt:2)
  4 crimson imps
  2 centaur zombies
  9 iron imps
  2 bullfrog skeletons
  A jelly (D:15)
  10 orc priests
  15 orc wizards
  2 iguanas
  A worker ant (D:10)
  A troll simulacrum (Tomb:2)
  A lightning spire (Zig:4)
  2 bullfrog simulacra (D:13)
  A dwarf zombie (Crypt:2)
  An ogre zombie (Geh:2)
  A tengu zombie (Dis:6)
  A deep dwarf skeleton (Crypt:1)
  An acid dragon skeleton (Crypt:2)
  A hound skeleton (D:9)
  32 mummies
  A worker ant zombie (D:10)
  A gnoll (D:5)
  3 adders
  12 shadow imps
  3 white imps
  An ufetubus (Depths:3)
  An ooze (Lair:1)
  A worm zombie (Crypt:2)
  An adder skeleton (D:4)
  A barachian zombie (Crypt:1)
  69 orcs
  6 bats
  3 giant cockroaches
  A hobgoblin (D:2)
  A jackal (D:4)
  3 kobolds
  3 quokkas
  3 frilled lizards
  A frilled lizard zombie (Crypt:1)
  A kobold skeleton (Geh:1)
  3 rats
  A river rat skeleton (Crypt:2)
  21 blocks of ice
  4 fire vortices
  A fungus (D:9)
  5 plants
  6 starspawn tentacles
  4 tentacles (Shoals:3)
  3 withered plants (Crypt:3)
3487 creatures vanquished.

Vanquished Creatures (collateral kills)
  the Royal Jelly (Slime:5)
  Ereshkigal (Tar:7)
  A pandemonium lord (D:12)
  An orb of fire (Zot:1)
  Mennas (Vaults:5)
  A juggernaut (Depths:4)
  12 greater mummies
  Bai Suzhen (Depths:1)
  A Killer Klown (Zot:4)
  A caustic shrike (Depths:4)
  9 golden dragons
  Nikola (Shoals:2)
  the Enchantress (Depths:4)
  2 liches
  2 electric golems
  A doom hound (Zig:13)
  2 Ice Fiends (Coc:7)
  6 Orb Guardians (Zot:5)
  Rupert (D:13)
  12 tentacled monstrosities
  A quicksilver dragon (Zot:2)
  2 deep elf blademasters (Elf:3)
  2 deep elf master archers (Elf:3)
  15 sphinxes
  22 acid blobs
  Gastronok (Lair:1)
  3 ancient champions
  2 eldritch tentacles
  16 shadow dragons
  9 storm dragons
  8 nagarajas
  Kirke (Lair:4)
  2 draconian monks
  A storm dragon (shapeshifter) (Depths:4)
  A death cob (Zot:1)
  9 azure jellies
  Ilsuiw (Shoals:4)
  Roxanne (D:14)
  A tengu reaver (Vaults:5)
  8 deep elf sorcerers
  2 draconian knights
  2 cacodemons (Pan)
  4 fire giants
  3 ghost moths
  4 draconian scorchers
  2 iron dragons (Vaults:5)
  4 vault wardens
  A juggernaut zombie (Depths:1)
  2 draconian stormcallers
  2 ghouls (Vaults:2)
  9 frost giants
  A draconian shifter (Zot:4)
  A balrug (Geh:7)
  11 reapers
  8 ironheart preservers
  6 spriggan defenders
  10 stone giants
  A deep elf elementalist (Elf:3)
  3 draconian annihilators
  A war gargoyle (Vaults:5)
  10 deep elf demonologists
  A vampire knight (Depths:4)
  2 black draconians (Zot:4)
  13 very ugly things
  5 bennus
  A corrupter (Pan)
  6 deep elf annihilators
  5 green draconians
  A red draconian (Zot:4)
  3 white draconians
  4 yellow draconians
  5 deep elf death magi
  5 purple draconians
  A green death (Pan)
  15 merfolk impalers
  Snorg (D:12)
  5 merfolk javelineers
  An eidolon (Abyss:1)
  6 blizzard demons
  8 ettins
  8 mummy priests
  6 death oozes (Slime:5)
  A fire dragon (D:10)
  Josephine (D:12)
  7 great orbs of eyes
  5 quicksilver dragon zombies
  9 yaktaur captains
  3 deep elf high priests
  2 rakshasas
  7 ice dragons
  16 naga warriors
  2 hydras
  A catoblepas (Lair:6)
  A merfolk aquamancer (Shoals:4)
  5 merfolk avatars
  20 vault guards
  A death knight (Vaults:2)
  20 two-headed ogres
  4 centaur warriors
  4 spriggan air magi
  2 hell hogs (Geh:6)
  Erica (D:9)
  A two-headed ogre (shapeshifter) (Vaults:5)
  40 death scarabs
  6 anacondas
  2 tengu warriors
  6 ogre magi
  4 deep troll earth magi
  An alligator (Lair:5)
  14 dancing weapons
  2 deep troll shamans
  6 death yaks (Lair:6)
  2 spriggan berserkers (Depths:2)
  2 titan zombies
  Urug (D:10)
  3 vampire magi
  2 orc high priests (Orc:2)
  5 soul eaters
  9 naga sharpshooters
  12 deep elf knights
  3 shock serpents
  3 spriggans
  3 hell knights
  4 shadow wraiths
  16 skeletal warriors
  A sixfirhy (Pan)
  6 sea snakes
  A storm dragon skeleton (Tar:5)
  A glowing orange brain (shapeshifter) (Depths:2)
  12 deep trolls
  11 wizards
  9 deep elf archers
  A gelid demonspawn (Pan)
  4 anaconda zombies
  4 ironbrand convokers
  2 unseen horrors
  A swamp dragon (Lair:5)
  An infernal demonspawn (Pan)
  A shadow dragon zombie (Tomb:3)
  4 naga ritualists
  3 glowing orange brains
  4 flayed ghosts
  Pikel (D:7)
  An anaconda skeleton (Geh:5)
  10 necromancers
  A sphinx zombie (Depths:1)
  2 wolf spider zombies
  2 phantasmal warriors
  6 fauns
  5 oklob plants (Lair:6)
  4 mana vipers
  2 lindwurms
  8 orc knights
  2 orb spiders (Zot:3)
  6 harpies
  4 orc sorcerers
  29 deep elf magi
  11 manticores
  4 frost giant zombies
  3 cyclopes
  A fire giant zombie (Crypt:3)
  3 wolf spiders
  13 ugly things
  8 shining eyes
  3 guardian serpents
  12 elephants
  4 salamanders
  An elephant (shapeshifter) (Vaults:3)
  6 moths of wrath
  2 water nymphs (Shoals:4)
  2 guardian serpents (shapeshifter)
  19 black mambas
  6 vault sentinels
  2 frost giant skeletons
  10 rust devils
  A toenail golem (Volcano)
  4 smoke demons (Pan)
  A fire giant skeleton (Coc:4)
  An eye of devastation (Slime:2)
  5 naga magi
  9 merfolk sirens
  A water nymph (shapeshifter) (Depths:4)
  2 stone giant skeletons (Geh:2)
  9 molten gargoyles
  4 centaur zombies
  2 orange demons (Pan)
  5 spiny frogs
  A rime drake (Lair:6)
  A centaur skeleton (D:13)
  An emperor scorpion zombie (Crypt:3)
  A storm dragon simulacrum (Coc:7)
  3 efreet (Volcano)
  A hellion (Geh:2)
  2 iron troll zombies (Dis:6)
  3 tengu conjurers
  13 yaktaurs
  2 elf skeletons (Zig:13)
  9 ice devils
  A demonic crawler (Pan)
  8 freezing wraiths
  A yaktaur skeleton (Vaults:5)
  20 guardian mummies
  3 komodo dragons
  9 hellwings
  A tormentor (Geh:2)
  4 red devils
  A silent spectre (Zig:13)
  A harpy zombie (Tar:6)
  4 hornets
  4 polar bears
  A tengu simulacrum (Vaults:3)
  2 fire dragon zombies
  A jumping spider (Zot:3)
  A merfolk (shapeshifter) (Vaults:4)
  7 trolls
  6 wind drakes
  13 merfolk
  A hydra skeleton (Coc:1)
  11 hippogriffs
  2 snapping turtles (shapeshifter)
  2 ice dragon zombies
  7 snapping turtles
  3 hydra zombies
  2 alligator zombies
  20 blink frogs
  A bog body (Coc:7)
  A fire giant simulacrum (Depths:1)
  5 air elementals
  11 dream sheep
  2 tarantellas
  60 slime creatures
  An ettin zombie (Geh:3)
  5 ushabtiu
  19 flying skulls
  A tarantella (shapeshifter) (D:15)
  Sigmund (D:4)
  2 shadows
  An alligator skeleton (Geh:7)
  A ynoxinul (Pan)
  2 redbacks (Orc:1)
  19 water elementals
  8 wyverns
  49 yaks
  3 basilisks (Lair:3)
  10 wraiths
  2 ice dragon skeletons
  3 golden eyes (Slime:1)
  A vampire mosquito (D:10)
  6 fire elementals
  2 hungry ghosts
  A steam dragon (Lair:3)
  3 chaos spawn
  3 neqoxecs
  3 wargs
  32 nagas
  8 large abominations
  A swamp worm (Lair:5)
  9 water moccasins
  A spiny frog zombie (Coc:3)
  3 porcupines
  2 hell hounds
  A floating eye (Slime:4)
  4 ice beasts
  30 orc warriors
  A black bear (D:7)
  30 ogres
  5 sky beasts
  8 small abominations
  A snapping turtle zombie (Crypt:3)
  A black bear (shapeshifter) (Depths:2)
  A fire dragon simulacrum (Depths:1)
  3 necrophages
  2 ettin simulacra
  3 eyes of draining
  4 phantoms
  12 wolves
  8 crocodiles
  11 centaurs
  A swamp dragon skeleton (Tomb:3)
  6 big kobolds
  8 bullfrogs
  A gnoll sergeant (D:7)
  A wyvern zombie (D:12)
  4 earth elementals
  4 wyvern skeletons (Crypt:3)
  An ogre simulacrum (Vaults:1)
  5 scorpions
  A spriggan zombie (Crypt:1)
  34 killer bees
  16 wights
  A snapping turtle simulacrum (Coc:1)
  3 howler monkeys
  5 crimson imps
  2 human simulacra
  7 jellies
  5 bullfrog zombies
  3 hounds
  3 quasits
  A human zombie (Crypt:3)
  23 orc priests
  A gnoll shaman (D:7)
  4 iron imps
  31 orc wizards
  3 bullfrog skeletons
  9 iguanas
  8 worker ants
  A bullfrog simulacrum (D:13)
  A hound skeleton (D:5)
  14 mummies
  17 gnolls
  12 adders
  A river rat (Lair:3)
  4 shadow imps
  15 white imps
  16 oozes
  2 adder skeletons
  3 worms
  A dart slug (D:2)
  7 leopard geckos
  92 orcs
  A ball python (D:1)
  3 giant cockroaches
  8 goblins
  5 hobgoblins
  7 jackals
  11 kobolds
  2 quokkas
  7 bats
  A frilled lizard (D:4)
  9 rats
  5 blocks of ice
  2 fungi
  4 plants
  A tentacle (Shoals:3)
1938 creatures vanquished.

Vanquished Creatures (others)
  91 eldritch tentacles
  A draconian knight (Zot:5)
  An elemental wellspring (Coc:7)
  A rakshasa (Depths:3)
  5 death scarabs
  An alligator (Lair:5)
  A spriggan berserker (Depths:1)
  2 deep elf knights (Elf:3)
  A deep elf archer (Elf:1)
  An ugly thing (Depths:1)
  A moth of wrath (Zot:5)
  A smoke demon (Pan)
  An ettin zombie (Geh:3)
  5 flying skulls (Tomb:2)
  A black mamba zombie (Geh:1)
  2 wraiths
  A water elemental (Coc:7)
  3 humans (Lair:4)
  A fire elemental (Geh:1)
  An orc warrior (Vaults:1)
  A spiny frog skeleton (Geh:3)
  A manticore zombie (Geh:6)
  A small abomination (Abyss:1)
  2 wights (Geh:7)
  A mummy (Tomb:2)
  A gnoll (D:7)
  585 blocks of ice
  A bush (Lair:6)
  4 fire vortices
  20 fungi
  A lurking horror (Abyss:3)
  40 plants
  2 starspawn tentacles (Abyss:1)
  29 tentacles
  23 withered plants (Crypt:3)
834 creatures vanquished.

Grand Total: 6259 creatures vanquished

Notes
Turn   | Place    | Note
-------+----------+-------------------------------------------
     0 | D:1      | prestonbroadus the Deep Elf Summoner began the quest for the Orb.
     0 | D:1      | Reached XP level 1. HP: 10/10 MP: 6/6
   524 | D:1      | Reached XP level 2. HP: 15/15 MP: 6/8
   529 | D:1      | Learned a level 2 spell: Call Imp
   960 | D:2      | Reached skill level 5 in Summonings
  1192 | D:2      | Reached XP level 3. HP: 20/20 MP: 8/10
  1327 | D:2      | Reached skill level 4 in Spellcasting
  1514 | D:3      | Learned a level 3 spell: Call Canine Familiar
  1634 | D:3      | Reached skill level 1 in Fighting
  2230 | D:3      | Reached XP level 4. HP: 25/25 MP: 6/12
  2921 | D:3      | Learned a level 4 spell: Summon Ice Beast
  3106 | D:4      | Noticed Sigmund
  3515 | D:4      | Reached skill level 5 in Spellcasting
  3515 | D:4      | Reached XP level 5. HP: 29/29 MP: 11/14
  3673 | D:5      | Entered Level 5 of the Dungeon
  3937 | D:4      | Reached skill level 1 in Ice Magic
  3990 | D:4      | Found a staircase to the Ecumenical Temple.
  3999 | Temple   | Entered the Ecumenical Temple
  4008 | Temple   | Became a worshipper of Sif Muna the Loreminder
  4083 | D:5      | Reached XP level 6. HP: 35/35 MP: 11/16
  4271 | D:4      | Learned a level 3 spell: Confuse
  5021 | D:5      | Reached skill level 1 in Hexes
  5438 | D:5      | Found a stormy altar of Qazlal.
  6116 | D:4      | Killed Sigmund
  6116 | D:4      | Reached XP level 7. HP: 39/39 MP: 6/17
  6517 | D:6      | Reached * piety under Sif Muna
  6551 | D:6      | Noticed a yak
  6552 | D:6      | Noticed a yak
  6553 | D:6      | Noticed a yak
  6553 | D:6      | Noticed a yak
  6584 | D:6      | Killed a yak
  6590 | D:6      | Killed a yak
  6718 | D:6      | Killed a yak
  6886 | D:6      | Reached skill level 5 in Hexes
  6983 | D:6      | Killed a yak
  6983 | D:6      | Reached skill level 5 in Ice Magic
  6983 | D:6      | Reached XP level 8. HP: 44/44 MP: 11/18
  6997 | D:6      | Reached ** piety under Sif Muna
  7063 | D:6      | Reached skill level 6 in Spellcasting
  7117 | D:6      | Learned a level 3 spell: Summon Guardian Golem
  7429 | D:6      | Found a bloodstained altar of Trog.
  7635 | D:6      | Found Suipaini's Armour Shop.
  7638 | D:6      | Bought a +0 pair of boots for 63 gold pieces
  7771 | D:6      | Found a blossoming altar of Fedhas.
  8088 | D:7      | Found Zin's Purification Station.
  8101 | D:7      | Found a glowing silver altar of Zin.
  8687 | D:7      | Reached *** piety under Sif Muna
  8904 | D:7      | Reached skill level 7 in Spellcasting
  9220 | D:7      | Learned a level 4 spell: Summon Lightning Spire
  9303 | D:7      | Noticed Pikel
  9313 | D:7      | Killed Pikel
  9313 | D:7      | Reached skill level 1 in Air Magic
  9313 | D:7      | Reached XP level 9. HP: 48/48 MP: 12/22
  9891 | D:8      | Learned a level 3 spell: Dazzling Spray
 10006 | D:8      | You fall through a shaft!
 10116 | D:8      | Noticed a two-headed ogre
 10173 | D:9      | Reached skill level 8 in Spellcasting
 10197 | D:9      | Reached skill level 1 in Conjurations
 10591 | D:9      | Reached **** piety under Sif Muna
 10703 | D:9      | Noticed Erica
 10714 | D:9      | Killed Erica
 10929 | D:9      | Found a radiant altar of Vehumet.
 11141 | D:9      | Noticed a troll
 11148 | D:9      | Killed a troll
 11148 | D:9      | Reached skill level 9 in Spellcasting
 11148 | D:9      | Reached skill level 1 in Invocations
 11430 | D:10     | Entered Level 10 of the Dungeon
 11527 | D:10     | Noticed a two-headed ogre
 11752 | D:8      | Killed a two-headed ogre
 12082 | D:8      | Reached XP level 10. HP: 50/56 MP: 13/25
 12377 | D:8      | Reached skill level 5 in Conjurations
 12449 | D:8      | Noticed a two-headed hydra
 12453 | D:8      | Killed a two-headed hydra
 12464 | D:8      | Got a scorched halberd
 12465 | D:8      | Identified the cursed +1 halberd of Darkness {chop, rF- MP+9 Dex+3 SInv} (You found it on level 8 of the Dungeon)
 12832 | D:10     | Reached ***** piety under Sif Muna
 12832 | D:10     | Identified Sif Muna's Collected Works on Dusty Summoning (Sif Muna gifted it to you on level 10 of the Dungeon)
 12832 | D:10     | Received a gift from Sif Muna
 13179 | D:10     | Found Poero's Jewellery Boutique.
 13457 | D:10     | Reached skill level 5 in Invocations
 13696 | D:10     | Noticed Urug
 13741 | D:10     | Killed Urug
 13770 | D:10     | Noticed a cyclops
 13895 | D:10     | Noticed a guardian serpent
 13914 | D:10     | Killed a guardian serpent
 14015 | D:10     | Learned a level 5 spell: Summon Mana Viper
 14068 | D:10     | Killed a cyclops
 14068 | D:10     | Reached skill level 10 in Spellcasting
 14097 | D:10     | Noticed a fire dragon
 14104 | D:10     | Noticed a deep elf archer
 14386 | D:11     | Identified a scroll of acquirement
 14414 | D:10     | Bought the amulet "Hiphaos" {rF++ Regen+} for 654 gold pieces
 14463 | D:10     | Killed a two-headed ogre
 14615 | D:10     | Killed a deep elf archer
 15275 | D:10     | Killed a fire dragon
 15275 | D:10     | Reached XP level 11. HP: 43/61 MP: 6/27
 15536 | D:11     | Found a burning altar of Makhleb.
 15597 | D:10     | Bought a +4 ring of evasion for 432 gold pieces
 15928 | D:11     | Reached skill level 11 in Spellcasting
 16174 | D:11     | Found a staircase to the Lair.
 16277 | Lair:1   | Entered Level 1 of the Lair of Beasts
 16419 | Lair:1   | Noticed Gastronok
 16437 | Lair:1   | Killed Gastronok
 17044 | Lair:1   | Identified Sif Muna's Handbook of the Snowflakes (Sif Muna gifted it to you on level 1 of the Lair of Beasts)
 17044 | Lair:1   | Received a gift from Sif Muna
 17050 | Lair:1   | Learned a level 3 spell: Ozocubu's Armour
 17122 | Lair:1   | Reached skill level 12 in Spellcasting
 17623 | Lair:2   | Reached skill level 5 in Dodging
 17850 | Lair:2   | Reached skill level 10 in Summonings
 18756 | Lair:3   | Gained mutation: You have a pair of small antennae on your head. [potion of beneficial mutation]
 18760 | Lair:3   | Found a staircase to the Shoals.
 18850 | Lair:3   | Found a staircase to the Snake Pit.
 19051 | Lair:3   | Reached XP level 12. HP: 66/66 MP: 30/30
 19606 | Lair:3   | Reached skill level 5 in Fighting
 20015 | Lair:3   | Reached skill level 1 in Armour
 20017 | Lair:3   | Identified Idewkar's Almanac of Helpful Heat (Sif Muna gifted it to you on level 3 of the Lair of Beasts)
 20017 | Lair:3   | Received a gift from Sif Muna
 20086 | Lair:3   | Noticed an eight-headed hydra
 20092 | Lair:3   | Killed an eight-headed hydra
 20126 | Lair:3   | Reached skill level 13 in Spellcasting
 20181 | Lair:3   | Learned a level 4 spell: Throw Icicle
 20223 | Lair:3   | Noticed an anaconda
 20229 | Lair:3   | Killed an anaconda
 20733 | Lair:4   | Noticed Kirke
 20821 | Lair:4   | Killed Kirke
 20852 | Lair:4   | Found a dark tunnel.
 20879 | Volcano  | Entered a volcano
 21723 | Lair:4   | Reached skill level 14 in Spellcasting
 21918 | Lair:5   | Reached skill level 1 in Charms
 22127 | Lair:5   | Got an ancient long sword
 22128 | Lair:5   | Identified the +8 long sword of Ehegriq {antimagic, *Contam rElec rC++} (You found it on level 5 of the Lair of Beasts)
 22309 | Lair:5   | Reached XP level 13. HP: 63/72 MP: 3/33
 22353 | Lair:5   | Identified Ofuqushusu's Disquisition on the Spatial Escort (Sif Muna gifted it to you on level 5 of the Lair of Beasts)
 22353 | Lair:5   | Received a gift from Sif Muna
 22353 | Lair:5   | Reached XP level 14. HP: 80/80 MP: 16/34
 22669 | Lair:5   | You fall through a shaft!
 22669 | Lair:6   | Entered Level 6 of the Lair of Beasts
 24491 | Lair:6   | Identified Sif Muna's Papyrus of Harmful Ice (Sif Muna gifted it to you on level 6 of the Lair of Beasts)
 24491 | Lair:6   | Received a gift from Sif Muna
 25001 | Lair:6   | Found a staircase to the Slime Pits.
 25437 | Lair:6   | Reached skill level 10 in Conjurations
 25554 | Lair:6   | Learned a level 6 spell: Shadow Creatures
 26378 | D:12     | Found Onacipie's Armour Shop.
 26381 | D:12     | Noticed Snorg
 26401 | D:12     | Killed Snorg
 26412 | D:12     | Found a staircase to the Orcish Mines.
 26412 | D:12     | Found Rynawk's Weapon Shop.
 26457 | D:12     | Bought the +3 pair of gauntlets of War {Slay+5} for 760 gold pieces
 26514 | D:12     | Reached skill level 15 in Spellcasting
 26787 | D:12     | Learned a level 2 spell: Blink
 26790 | D:12     | Learned a level 2 spell: Repel Missiles
 27237 | D:12     | Reached skill level 10 in Ice Magic
 27283 | Orc:1    | Entered Level 1 of the Orcish Mines
 27295 | Orc:2    | Entered Level 2 of the Orcish Mines
 27295 | Orc:2    | Noticed wazuzu's ghost (journeyman NaBe)
 27314 | Orc:2    | Killed wazuzu's ghost
 27411 | Orc:1    | Noticed a stone giant
 27425 | Orc:1    | Killed a stone giant
 27442 | Orc:1    | Found a flagged portal.
 27515 | Bailey   | Entered a bailey
 27846 | Bailey   | Received a gift from Sif Muna
 28160 | Bailey   | Got a warped hat
 28171 | Bailey   | Identified the +2 hat "Bev Reomafo" {MR+} (You acquired it in a bailey)
 28977 | Orc:2    | Found a staircase to the Elven Halls.
 29471 | Orc:2    | Found Obautoul's Antique Weapon Emporium.
 29471 | Orc:2    | Found Vomoc's Gadget Emporium.
 29472 | Orc:2    | Found Kikho's Antique Armour Shop.
 29472 | Orc:2    | Found Yttimnig's Distillery.
 29498 | Orc:2    | Bought a potion of haste for 120 gold pieces
 29498 | Orc:2    | Bought a potion of curing for 36 gold pieces
 29498 | Orc:2    | Bought a potion of brilliance for 48 gold pieces
 29498 | Orc:2    | Bought a potion of heal wounds for 60 gold pieces
 29498 | Orc:2    | Bought a potion of agility for 48 gold pieces
 29498 | Orc:2    | Bought a potion of agility for 48 gold pieces
 29528 | Orc:2    | Bought an embroidered robe for 134 gold pieces
 29776 | D:12     | Reached XP level 15. HP: 88/88 MP: 32/36
 29799 | D:12     | Noticed Josephine
 29806 | D:12     | Killed Josephine
 30131 | D:13     | Found a gate to the Vaults.
 30531 | D:13     | Found Azyw's Jewellery Shop.
 30842 | D:13     | Noticed Rupert
 30860 | D:13     | Killed Rupert
 31461 | D:14     | Received a gift from Sif Muna
 31624 | D:14     | Found an iron altar of Okawaru.
 31648 | D:14     | Reached skill level 10 in Fighting
 32218 | D:14     | Noticed Roxanne
 32240 | D:14     | Killed Roxanne
 32270 | D:14     | Found a portal to a secret trove of treasure.
 32730 | D:15     | Entered Level 15 of the Dungeon
 32832 | D:15     | Learned a level 3 spell: Regeneration
 32964 | D:15     | Reached skill level 1 in Necromancy
 33005 | D:15     | Found a staircase to the Depths.
 33145 | D:15     | Reached ****** piety under Sif Muna
 33755 | Shoals:1 | Entered Level 1 of the Shoals
 34681 | Shoals:1 | Reached skill level 16 in Spellcasting
 34815 | Shoals:2 | Noticed Nikola
 34854 | Shoals:2 | Killed Nikola
 34858 | Shoals:2 | Noticed Aizul
 34999 | Shoals:2 | Killed Aizul
 35027 | Shoals:1 | Reached skill level 5 in Necromancy
 35423 | Shoals:2 | Identified Sif Muna's Volume of Harmful Translocation (Sif Muna gifted it to you on level 2 of the Shoals)
 35423 | Shoals:2 | Received a gift from Sif Muna
 35718 | Shoals:2 | Reached XP level 16. HP: 103/103 MP: 18/38
 38074 | Shoals:3 | Found a white marble altar of Elyvilon.
 38080 | Shoals:3 | Noticed a kraken
 38221 | Shoals:3 | Killed a kraken
 38269 | Shoals:4 | Entered Level 4 of the Shoals
 38592 | Shoals:4 | Got a polished leather armour
 38684 | Shoals:4 | Identified the +2 leather armour of Zaonk {+Inv rF- Int+7} (You found it on level 4 of the Shoals)
 39036 | Shoals:4 | Got a jewelled hand crossbow
 39037 | Shoals:4 | Identified the +2 hand crossbow "Jiepif" {venom, *Corrode Str+3 SInv} (You found it on level 4 of the Shoals)
 39205 | Shoals:3 | Received a gift from Sif Muna
 40278 | Shoals:4 | Reached skill level 1 in Evocations
 40280 | Shoals:4 | Reached skill level 17 in Spellcasting
 40652 | Shoals:4 | Got a steaming longbow
 40671 | Shoals:4 | Noticed Ilsuiw
 40785 | Shoals:3 | Reached skill level 1 in Staves
 41110 | Shoals:4 | THANKS MOUSE SUPPORT!!!
 41110 | Shoals:4 | JUST KILLED MY DEEP ELF!!!!
 41116 | Shoals:4 | WHO THE FUCK WANTS TO PLAY THIS SHIT WITH A MOUSE!!!!
 41280 | Shoals:4 | NOT DEAD BUT DID COST 2 blinking scrolls, 2 HW potions and one teleport
 41280 | Shoals:4 | ** All mouse support fanatics please, PLAY OFFLINE!!!!
 42244 | Shoals:4 | Killed Ilsuiw
 42311 | Shoals:3 | Reached skill level 5 in Evocations
 42870 | Shoals:4 | Got a barnacled rune of Zot
 43100 | Shoals:1 | Identified the +1 chain mail of Pantheism {+Blink} (You found it on level 1 of the Shoals)
 43274 | Snake:1  | Entered Level 1 of the Snake Pit
 43566 | D:13     | Bought an uncursed ring of poison resistance for 280 gold pieces
 43777 | Snake:1  | Reached skill level 5 in Staves
 43780 | Snake:1  | Reached XP level 17. HP: 98/108 MP: 10/40
 43860 | Lair:1   | Learned a level 4 spell: Animate Dead
 45641 | Snake:2  | Received a gift from Sif Muna
 45659 | Snake:2  | Learned a level 5 spell: Bolt of Draining
 46318 | Snake:2  | Upgraded the game from 0.20-a0-492-g6327889 to 0.20-a0-493-g19c8d8d
 46526 | Snake:3  | Noticed Vashnia
 46624 | Snake:3  | Noticed Asterion
 46703 | Snake:3  | Killed Asterion
 47366 | Snake:3  | Killed Vashnia
 48925 | Snake:4  | Entered Level 4 of the Snake Pit
 48945 | Snake:4  | Reached skill level 10 in Necromancy
 49759 | Snake:4  | Received a gift from Sif Muna
 49776 | Snake:4  | Reached XP level 18. HP: 78/114 MP: 5/41
 51370 | Snake:4  | Reached skill level 10 in Staves
 53332 | Snake:4  | Reached skill level 18 in Spellcasting
 54219 | Snake:4  | Got a serpentine rune of Zot
 54541 | Vaults:1 | Entered Level 1 of the Vaults
 55019 | Vaults:1 | Identified Sif Muna's Grimoire of Igneous Battle Magic (Sif Muna gifted it to you on level 1 of the Vaults)
 55019 | Vaults:1 | Received a gift from Sif Muna
 55463 | Vaults:1 | Reached XP level 19. HP: 110/119 MP: 23/43
 56785 | Vaults:1 | Got a translucent quarterstaff {crush}
 56786 | Vaults:1 | Identified the +5 quarterstaff of Feoh {crush, Dex+4} (You took it off a vault warden on level 1 of the Vaults)
 57282 | Vaults:1 | Reached skill level 10 in Invocations
 58700 | Vaults:2 | Found a staircase to the Crypt.
 58843 | Vaults:2 | Reached skill level 10 in Dodging
 59055 | Vaults:2 | Identified Sif Muna's Handbook of Creative Stolen Souls (Sif Muna gifted it to you on level 2 of the Vaults)
 59055 | Vaults:2 | Received a gift from Sif Muna
 59097 | Vaults:2 | Learned a level 7 spell: Malign Gateway
 59200 | Vaults:2 | Reached skill level 19 in Spellcasting
 59405 | Vaults:2 | Reached skill level 1 in Translocations
 59742 | Vaults:2 | Noticed a caustic shrike
 59744 | Vaults:2 | Killed a caustic shrike
 60296 | Vaults:2 | Reached skill level 15 in Summonings
 60460 | Vaults:2 | Noticed Jory
 60487 | Vaults:2 | Learned a level 5 spell: Dispel Undead
 60585 | Vaults:2 | Killed Jory
 60587 | Vaults:2 | Reached skill level 5 in Translocations
 61691 | Vaults:2 | Received a gift from Sif Muna
 61974 | Vaults:2 | Reached XP level 20. HP: 124/124 MP: 26/45
 62214 | Vaults:3 | Found a flickering gateway to a bazaar.
 62562 | Bazaar   | Entered a bazaar
 62562 | Bazaar   | Found Gojis's Assorted Antiques.
 62562 | Bazaar   | Found Toyhoxt's Distillery.
 62562 | Bazaar   | Found Tyilum's Armour Emporium.
 62562 | Bazaar   | Found Feixkid's General Store.
 62578 | Bazaar   | Lost mutation: You have a pair of small antennae on your head. [potion of cure mutation]
 62579 | Bazaar   | Bought the +2 helmet of Winter {Int+6} for 579 gold pieces
 62595 | Bazaar   | Bought a scroll of blinking for 262 gold pieces
 62595 | Bazaar   | Bought a scroll labeled MOILEU VUFFAUH for 35 gold pieces
 62597 | Bazaar   | Bought a potion of haste for 90 gold pieces
 62597 | Bazaar   | Bought a potion of magic for 72 gold pieces
 62597 | Bazaar   | Bought a potion of magic for 72 gold pieces
 62599 | Bazaar   | Bought 3 scrolls of identify for 54 gold pieces
 62599 | Bazaar   | Bought a scroll of magic mapping for 31 gold pieces
 62599 | Bazaar   | Bought a scroll of teleportation for 27 gold pieces
 62599 | Bazaar   | Bought a scroll of teleportation for 27 gold pieces
 62603 | Bazaar   | Bought a potion of brilliance for 36 gold pieces
 62605 | Bazaar   | Bought a golden ring for 175 gold pieces
 62613 | Bazaar   | Bought a potion of cure mutation for 225 gold pieces
 62613 | Bazaar   | Bought a potion of agility for 36 gold pieces
 62613 | Bazaar   | Bought a potion of curing for 27 gold pieces
 63641 | Vaults:3 | Identified Sif Muna's Collected Works on Dark Confrontation (Sif Muna gifted it to you on level 3 of the Vaults)
 63641 | Vaults:3 | Received a gift from Sif Muna
 63790 | Vaults:3 | Reached skill level 1 in Shields
 65510 | Vaults:3 | Reached skill level 5 in Armour
 65570 | Vaults:3 | Reached skill level 5 in Shields
 66814 | Vaults:4 | Reached XP level 21. HP: 129/129 MP: 2/46
 67276 | Vaults:4 | Got a sapphire trident {drain}
 67278 | Vaults:4 | Identified the +3 trident of a Spat {drain, *Noise rF+ SInv} (You took it off a deep elf mage on level 4 of the Vaults)
 68291 | Vaults:4 | Identified Sif Muna's Disquisition on the Oath and the Frostbite (Sif Muna gifted it to you on level 4 of the Vaults)
 68291 | Vaults:4 | Received a gift from Sif Muna
 69064 | Vaults:4 | Identified the cursed +1 leather armour of Fedhas's Favour {Slay+2} (You took it off an ironheart preserver on level 4 of the Vaults)
 69075 | Vaults:4 | Found an ancient bone altar of Kikubaaqudgha.
 69433 | Elf:1    | Entered Level 1 of the Elven Halls
 69729 | Elf:1    | Reached skill level 20 in Spellcasting
 70108 | Elf:1    | Identified the +6 battleaxe of the Warrior {freeze, Int+3 Dex+3} (You took it off a deep elf high priest on level 1 of the Elven Halls)
 71033 | Elf:2    | Received a gift from Sif Muna
 71295 | Elf:2    | Found a runed gate.
 71295 | Elf:2    | Found a runed gate.
 71298 | Elf:2    | Found a runed gate.
 71812 | Elf:3    | Entered Level 3 of the Elven Halls
 73125 | Elf:3    | Reached XP level 22. HP: 136/136 MP: 43/48
 73428 | Elf:3    | Got a pair of smoking gloves
 73429 | Elf:3    | Identified the cursed +0 pair of gloves "Zibeeghe" {*Drain +Fly rPois} (You found it on level 3 of the Elven Halls)
 73498 | Elf:3    | Got a wavering iron ring
 73499 | Elf:3    | Identified the ring of Ciwu {rC+ rN+ Str+4} (You took it off a deep elf sorcerer on level 3 of the Elven Halls)
 73503 | Elf:3    | Identified the +3 glaive "Pistit" {freeze, rF+ rC+ MR+ Dex-4} (You took it off a deep elf sorcerer on level 3 of the Elven Halls)
 73512 | Elf:3    | Identified the +2 plate armour "Ighohe" {rF+ Str+6} (You took it off a deep elf blademaster on level 3 of the Elven Halls)
 73568 | Elf:3    | Received a gift from Sif Muna
 73687 | Elf:3    | Identified the Reference Book on Calling and the Mountains
 73720 | Elf:3    | Identified the +11 war axe of Kismet {chop, Int+3} (You took it off a deep elf demonologist on level 3 of the Elven Halls)
 73763 | Elf:3    | Upgraded the game from 0.20-a0-493-g19c8d8d to 0.20-a0-494-gf50ee04
 74270 | Elf:2    | Reached skill level 21 in Spellcasting
 74792 | Depths:1 | Entered Level 1 of the Depths
 75105 | D:15     | Learned a level 9 spell: Dragon's Call
 75589 | Depths:1 | Found a gateway to a ziggurat.
 75621 | Depths:1 | Found Qadogeut's General Store.
 75694 | Depths:1 | Noticed Bai Suzhen
 76014 | Depths:1 | Identified Sif Muna's Volume of Evil and the Escort (Sif Muna gifted it to you on level 1 of the Depths)
 76014 | Depths:1 | Received a gift from Sif Muna
 76108 | Depths:1 | Learned a level 4 spell: Control Undead
 76261 | Depths:1 | Killed Bai Suzhen
 76414 | Depths:1 | Found a gateway to Hell.
 76529 | Depths:1 | Found Hygenauc's Assorted Antiques.
 76536 | Depths:1 | Bought a scroll of blinking for 210 gold pieces
 76536 | Depths:1 | Bought a potion of haste for 280 gold pieces
 76590 | Depths:2 | Reached skill level 15 in Fighting
 76744 | Depths:2 | Found a one-way gate to the infinite horrors of the Abyss.
 77146 | Depths:2 | Noticed a golden dragon
 77154 | Depths:2 | Killed a golden dragon
 77190 | Depths:2 | Noticed a golden dragon
 77200 | Depths:2 | Killed a golden dragon
 77744 | Depths:2 | Found a one-way gate leading to the halls of Pandemonium.
 78471 | Depths:3 | Found Soninn's Magic Scroll Shoppe.
 78477 | Depths:3 | Bought a scroll of teleportation for 42 gold pieces
 78477 | Depths:3 | Bought a scroll of teleportation for 42 gold pieces
 78679 | Depths:3 | Noticed Mara
 78688 | Depths:3 | Noticed prestonbroadus's illusion
 78716 | Depths:3 | Killed Mara
 79212 | Depths:3 | Found Ugris's Food Shop.
 79215 | Depths:3 | Bought a meat ration for 60 gold pieces
 79250 | Depths:3 | Reached XP level 23. HP: 147/147 MP: 19/50
 79781 | Depths:3 | Found Qitu's Gadget Emporium.
 80449 | Depths:4 | Noticed the Enchantress
 80451 | Depths:4 | Noticed Saint Roka
 80458 | Depths:4 | Noticed a juggernaut
 80463 | Depths:4 | Noticed Frederick
 80466 | Depths:4 | Killed a juggernaut
 80466 | Depths:4 | Identified Wel Koij's Disquisition on Damaging Flight (Sif Muna gifted it to you on level 4 of the Depths)
 80466 | Depths:4 | Received a gift from Sif Muna
 80469 | Depths:4 | Banished Frederick
 80721 | Depths:4 | Killed Saint Roka
 81002 | Depths:4 | Killed the Enchantress
 81025 | Depths:4 | Got faerie dragon scales
 81026 | Depths:4 | Identified the +2 faerie dragon scales {rCorr MP+9 Str+4} (You took it off the Enchantress on level 4 of the Depths)
 81363 | Depths:1 | Bought a scroll of enchant weapon for 90 gold pieces
 82228 | Depths:4 | Found a runed gate.
 82228 | Depths:4 | Found a runed gate.
 82228 | Depths:4 | Found a runed gate.
 82235 | Depths:4 | Noticed a caustic shrike
 82490 | Depths:4 | Found a runed gate.
 82490 | Depths:4 | Found a runed gate.
 82490 | Depths:4 | Found a runed gate.
 82506 | Depths:4 | Killed a caustic shrike
 82512 | Depths:4 | Identified Sif Muna's Volume of Supportive Malediction (Sif Muna gifted it to you on level 4 of the Depths)
 82512 | Depths:4 | Received a gift from Sif Muna
 82536 | Depths:4 | Learned a level 3 spell: Recall
 82755 | Depths:4 | Found Gebuh's Antique Artefacts.
 82808 | Depths:4 | Identified the cursed +1 hand crossbow "Xymup" {elec, rN+ MR+ Dex+2} (You took it off a vampire knight on level 4 of the Depths)
 82830 | Depths:4 | Bought a slimy whip for 285 gold pieces
 82830 | Depths:4 | Bought a transparent robe for 216 gold pieces
 82830 | Depths:4 | Bought a coiled lapis lazuli ring for 190 gold pieces
 82830 | Depths:4 | Bought a brightly glowing leather armour for 266 gold pieces
 82830 | Depths:4 | Bought a bloodstained robe for 216 gold pieces
 82831 | Depths:4 | Identified the cursed +1 whip of the Seven Realms {elec, Str+2} (You bought it in a shop on level 4 of the Depths)
 82835 | Depths:4 | Identified the ring of Guarch {MR+ Int+4} (You bought it in a shop on level 4 of the Depths)
 82858 | Depths:4 | Identified the +0 robe of Restlessness {Str-3 Dex+2 Slay+3} (You bought it in a shop on level 4 of the Depths)
 82868 | Depths:4 | Identified the +2 robe of Raskaonym {rElec rPois rF+} (You bought it in a shop on level 4 of the Depths)
 82878 | Depths:4 | Identified the +2 leather armour of Summer {rElec Regen+ Str-2 Dex+4} (You bought it in a shop on level 4 of the Depths)
 82905 | Depths:4 | Found Puyw's Gadget Boutique.
 82907 | Depths:4 | Found Muotu Veuse's Weapon Boutique.
 82907 | Depths:4 | Found Piky's Food Shop.
 82912 | Depths:4 | Found Zulayg's General Store.
 83276 | Depths:5 | Entered Level 5 of the Depths
 83840 | D:14     | You paid a toll of +4 fire dragon scales to enter a treasure trove
 83841 | Trove    | Entered a treasure trove
 83870 | Trove    | Learned a level 1 spell: Apportation
 83870 | Trove    | Identified Sif Muna's Incunabulum of Dusty Weightlessness
 83873 | Trove    | Identified Sif Muna's Papyrus of Blistering Snow
 83895 | Trove    | Got a slimy tin amulet
 83897 | Trove    | Got a scintillating zirconium amulet
 83899 | Trove    | Got a bound brass amulet
 84086 | Depths:1 | Bought a scroll of identify for 24 gold pieces
 84086 | Depths:1 | Identified the amulet "Tiwol" {+Rage rElec} (You found it in a treasure trove)
 84089 | Depths:1 | Identified the amulet "Sicousos" {RegenMP Str+3} (You found it in a treasure trove)
 84173 | Depths:3 | Bought a scroll of identify for 28 gold pieces
 84173 | Depths:3 | Bought a scroll of identify for 28 gold pieces
 84173 | Depths:3 | Bought 3 scrolls of identify for 84 gold pieces
 84173 | Depths:3 | Bought a scroll of identify for 28 gold pieces
 84173 | Depths:3 | Bought a scroll of identify for 28 gold pieces
 84173 | Depths:3 | Bought a scroll of identify for 28 gold pieces
 84174 | Depths:3 | Identified the amulet of Voeludwa {RegenMP +Inv Str-2 Int+6 Slay+3} (You found it in a treasure trove)
 84660 | Depths:5 | Reached XP level 24. HP: 93/156 MP: 33/50
 84693 | Depths:5 | Reached skill level 22 in Spellcasting
 84945 | Depths:5 | Identified Sif Muna's Collected Works on Torrid Attacks (Sif Muna gifted it to you on level 5 of the Depths)
 84945 | Depths:5 | Received a gift from Sif Muna
 85200 | Depths:5 | Found a gate to the Realm of Zot.
 85999 | Crypt:1  | Entered Level 1 of the Crypt
 87417 | Crypt:1  | Reached skill level 15 in Conjurations
 87832 | Crypt:2  | Noticed Xtahua
 87837 | Crypt:2  | Killed Xtahua
 88053 | Crypt:2  | Identified Sif Muna's Collected Works on Orientation (Sif Muna gifted it to you on level 2 of the Crypt)
 88053 | Crypt:2  | Received a gift from Sif Muna
 88760 | Crypt:3  | Entered Level 3 of the Crypt
 89088 | Crypt:3  | Found a staircase to the Tomb.
 89088 | Crypt:3  | Noticed a greater mummy
 89302 | Crypt:3  | Killed a greater mummy
 89755 | Crypt:3  | Got a bloodstained rapier
 89756 | Crypt:3  | Identified the cursed +1 rapier "Oschy" {flame, rN+ Int+2} (You found it on level 3 of the Crypt)
 89909 | Crypt:3  | Got a twitching steel ring
 89909 | Crypt:3  | Got a coiled granite ring
 89913 | Crypt:3  | Identified the ring of Redat {rN+ Dex+2} (You found it on level 3 of the Crypt)
 89915 | Crypt:3  | Identified the ring "Tixt" {*Slow rN+ MP+9 Str+4 Slay+2} (You found it on level 3 of the Crypt)
 90237 | Crypt:3  | Identified the +4 ring mail of Futt {MR- rCorr Int+2} (You found it on level 3 of the Crypt)
 90309 | Crypt:3  | Received a gift from Sif Muna
 90415 | Crypt:3  | Learned a level 4 spell: Passage of Golubria
 90416 | Crypt:3  | Found an ancient bone altar of Kikubaaqudgha.
 90814 | Crypt:3  | Noticed an ancient lich
 90829 | Crypt:3  | Killed an ancient lich
 90876 | Crypt:3  | Identified the +2 hat "Qizesa" {rCorr} (You found it on level 3 of the Crypt)
 90883 | Crypt:3  | Identified the +3 plate armour of Apathy {rF+ rCorr Int+2} (You found it on level 3 of the Crypt)
 90945 | Crypt:3  | Identified the +10 rapier of Hearph {venom, MP+9 SInv} (You took it off a necromancer on level 3 of the Crypt)
 91191 | Tomb:1   | Entered Level 1 of the Tomb of the Ancients
 91348 | Tomb:1   | Reached XP level 25. HP: 140/160 MP: 16/51
 91422 | Tomb:1   | Noticed a greater mummy
 91562 | Tomb:1   | Killed a greater mummy
 92158 | Tomb:1   | Noticed a greater mummy
 92160 | Tomb:1   | Identified Sif Muna's Catalogue of Fetching Evil (Sif Muna gifted it to you on level 1 of the Tomb of the Ancients)
 92160 | Tomb:1   | Received a gift from Sif Muna
 92167 | Tomb:1   | Killed a greater mummy
 92199 | Tomb:1   | Noticed a greater mummy
 92226 | Tomb:1   | Killed a greater mummy
 92226 | Tomb:1   | Reached skill level 15 in Ice Magic
 92430 | Tomb:1   | Noticed a greater mummy
 92437 | Tomb:1   | Killed a greater mummy
 92859 | Tomb:1   | Identified the +2 hunting sling of the Brain {velocity, rF+} (You took it off a guardian mummy on level 1 of the Tomb of the Ancients)
 92908 | Tomb:1   | Upgraded the game from 0.20-a0-494-gf50ee04 to 0.20-a0-495-g2241292
 92913 | Tomb:2   | Noticed an ancient lich
 92913 | Tomb:2   | Noticed a greater mummy
 92914 | Tomb:2   | Noticed a greater mummy
 93239 | Tomb:2   | Noticed a greater mummy
 93807 | Slime:1  | Entered Level 1 of the Pits of Slime
 94155 | Slime:4  | Gained mutation: You expend magic power (3 MP) to strengthen your wands. [a shining eye]
 94263 | Slime:5  | Entered Level 5 of the Pits of Slime
 94326 | Slime:4  | Paralysed by a floating eye for 4 turns
 94429 | Slime:5  | Identified Sif Muna's Grimoire of Calling (Sif Muna gifted it to you on level 5 of the Pits of Slime)
 94429 | Slime:5  | Received a gift from Sif Muna
 94430 | Slime:5  | Noticed the Royal Jelly
 94481 | Slime:5  | Gained mutation: You are clumsy. (Dex -2) [a shining eye]
 94502 | Slime:5  | Killed the Royal Jelly
 94611 | Slime:5  | Got a twitching turquoise ring
 94612 | Slime:5  | Identified the ring of Dacismig {rN+ EV+4 Int+3 Dex-5} (You found it on level 5 of the Pits of Slime)
 94619 | Slime:5  | Got a steaming helmet
 94844 | Slime:5  | Got a faintly glowing amethyst amulet
 94868 | Slime:5  | Got a dazzling trident
 94879 | Slime:5  | Identified the +2 helmet "Kieddes" {rPois} (You found it on level 5 of the Pits of Slime)
 94922 | Slime:5  | Identified Ynut's Volume of Transformation and the Voyage
 94924 | Slime:5  | Identified the amulet of Pidi {*Corrode +Rage +Inv rElec rF++} (You found it on level 5 of the Pits of Slime)
 94942 | Slime:5  | Got a slimy rune of Zot
 94980 | Slime:5  | Identified the cursed +0 trident of Wyrd {flame, rF+ SInv Stlth+} (You found it on level 5 of the Pits of Slime)
 95436 | Vaults:5 | Entered Level 5 of the Vaults
 95470 | Vaults:5 | Noticed Mennas
 95475 | Vaults:5 | Killed Mennas
 95724 | Vaults:5 | Identified Sif Muna's Disquisition on the Escort and Darkness (Sif Muna gifted it to you on level 5 of the Vaults)
 95724 | Vaults:5 | Received a gift from Sif Muna
 95766 | Vaults:5 | Identified the cursed +0 war axe of Soraap {speed, rC+ rN+ MR+ Str-2} (You took it off a deep elf high priest on level 5 of the Vaults)
 96070 | Vaults:5 | Got a dazzling short sword {venom}
 96071 | Vaults:5 | Identified the +5 short sword of the Mind {venom, MR+ Dex+4} (You took it off an ironheart preserver on level 5 of the Vaults)
 96076 | Vaults:5 | Got a flickering wooden ring
 96077 | Vaults:5 | Identified the ring "Cyaschepn" {+Fly MR- Dex+2 Stlth+} (You took it off an ironheart preserver on level 5 of the Vaults)
 96090 | Vaults:5 | Identified the +5 scale mail of the Engineer {rF+ rC+ Dex+2} (You found it on level 5 of the Vaults)
 96129 | Vaults:5 | Got a thick robe
 96145 | Vaults:5 | Identified the cursed +1 robe of Akoeh {Regen+} (You took it off an ironheart preserver on level 5 of the Vaults)
 96319 | Vaults:5 | Reached XP level 26. HP: 162/166 MP: 39/51
 96571 | Vaults:5 | Got a transparent bone amulet
 96572 | Vaults:5 | Identified the amulet of Xogutser {Reflect Str+4 Int+2 Dex+5 SH+3} (You took it off an ogre mage on level 5 of the Vaults)
 96972 | Vaults:5 | Identified Sif Muna's Tome of Hurtful Cold (Sif Muna gifted it to you on level 5 of the Vaults)
 96972 | Vaults:5 | Received a gift from Sif Muna
 97093 | Vaults:5 | Got a silver rune of Zot
 97478 | Vaults:5 | Noticed Jorgrun
 97483 | Vaults:5 | Killed Jorgrun
 97977 | Zot:1    | Entered Level 1 of the Realm of Zot
 98744 | Zot:1    | Noticed an orb of fire
 98758 | Zot:1    | Killed an orb of fire
 99067 | Zot:1    | Identified Sif Muna's Catalogue of the Supportive Snowflakes (Sif Muna gifted it to you on level 1 of the Realm of Zot)
 99067 | Zot:1    | Received a gift from Sif Muna
 99079 | Zot:1    | Learned a level 9 spell: Glaciate
101457 | Zot:4    | Received a gift from Sif Muna
101508 | Zot:4    | Reached XP level 27. HP: 114/172 MP: 19/51
101845 | Zot:4    | Found Oroa's Changing Room.
101860 | Zot:4    | Lost mutation: You are clumsy. (Dex -2) [potion of cure mutation]
101860 | Zot:4    | Lost mutation: You expend magic power (3 MP) to strengthen your wands. [potion of cure mutation]
101861 | Zot:4    | Bought a potion of beneficial mutation for 735 gold pieces
101861 | Zot:4    | Gained mutation: You are resistant to electric shocks. (rElec) [potion of beneficial mutation]
101954 | Zot:5    | Entered Level 5 of the Realm of Zot
102555 | Depths:4 | Bought a wand of digging (13/24) for 714 gold pieces
102605 | Depths:4 | Voluntarily entered the Abyss.
102613 | Abyss:1  | Killed Frederick
103043 | Abyss:3  | Found a corrupted altar of Lugonu.
103108 | Abyss:3  | Got an abyssal rune of Zot
103128 | Abyss:3  | Found a corrupted altar of Lugonu.
103344 | Depths:4 | Escaped the Abyss
103396 | Hell     | Entered the Vestibule of Hell
103396 | Hell     | Noticed Geryon
103401 | Hell     | Identified Sif Muna's Handbook of Sinister Magic (Sif Muna gifted it to you in the Vestibule of Hell)
103401 | Hell     | Received a gift from Sif Muna
103674 | Hell     | Killed Geryon
104053 | Lair:1   | Learned a level 5 spell: Lee's Rapid Deconstruction
104457 | Depths:5 | Reached skill level 1 in Earth Magic
105171 | Tomb:1   | Noticed a greater mummy
105174 | Tomb:1   | Killed a greater mummy
105176 | Tomb:1   | Noticed a greater mummy
105181 | Tomb:1   | Killed a greater mummy
105181 | Tomb:1   | Identified Sif Muna's Compendium of the Frostbite and the Mountains (Sif Muna gifted it to you on level 1 of the Tomb of the Ancients)
105181 | Tomb:1   | Received a gift from Sif Muna
105184 | Tomb:1   | Noticed a greater mummy
105327 | Tomb:1   | Killed a greater mummy
105513 | Tomb:1   | Noticed a greater mummy
105519 | Tomb:1   | Killed a greater mummy
105619 | Tomb:1   | Noticed a greater mummy
105625 | Tomb:1   | Killed a greater mummy
105746 | Tomb:1   | Noticed a greater mummy
105750 | Tomb:1   | Killed a greater mummy
105808 | Tomb:1   | Noticed a greater mummy
105811 | Tomb:1   | Noticed a greater mummy
105814 | Tomb:1   | Killed a greater mummy
105821 | Tomb:1   | Killed a greater mummy
105822 | Tomb:1   | Noticed a greater mummy
106225 | Tomb:1   | Killed a greater mummy
106314 | Tomb:1   | Noticed a greater mummy
106326 | Tomb:1   | Killed a greater mummy
106379 | Tomb:1   | Noticed a greater mummy
106658 | Tomb:1   | Noticed a greater mummy
106663 | Tomb:1   | Killed a greater mummy
106709 | Tomb:1   | Killed a greater mummy
106709 | Tomb:1   | Identified Sif Muna's Compendium of Orientation (Sif Muna gifted it to you on level 1 of the Tomb of the Ancients)
106709 | Tomb:1   | Received a gift from Sif Muna
106890 | Tomb:2   | Reached skill level 23 in Spellcasting
107260 | Tomb:1   | Noticed a greater mummy
107273 | Tomb:1   | Killed a greater mummy
107376 | Tomb:1   | Noticed a greater mummy
107384 | Tomb:1   | Killed a greater mummy
107670 | Tomb:1   | Upgraded the game from 0.20-a0-495-g2241292 to 0.20-a0-501-g0de2c2e
108033 | Tomb:3   | Entered Level 3 of the Tomb of the Ancients
108049 | Tomb:3   | Noticed a greater mummy
108050 | Tomb:3   | Noticed a greater mummy
108052 | Tomb:3   | Killed a greater mummy
108055 | Tomb:3   | Killed a greater mummy
108057 | Tomb:3   | Received a gift from Sif Muna
108064 | Tomb:3   | Noticed a greater mummy
108070 | Tomb:3   | Noticed a greater mummy
108075 | Tomb:3   | Killed a greater mummy
108079 | Tomb:3   | Killed a greater mummy
108314 | Tomb:3   | Noticed a greater mummy
108316 | Tomb:3   | Killed a greater mummy
108333 | Tomb:3   | Noticed a greater mummy
108346 | Tomb:3   | Killed a greater mummy
108354 | Tomb:3   | Noticed a greater mummy
108356 | Tomb:3   | Killed a greater mummy
108499 | Tomb:3   | Noticed a greater mummy
108504 | Tomb:3   | Killed a greater mummy
108505 | Tomb:3   | Noticed a greater mummy
108545 | Tomb:3   | Killed a greater mummy
108679 | Tomb:3   | Got a golden rune of Zot
108701 | Tomb:3   | Identified Sif Muna's Catalogue of Confrontation (Sif Muna gifted it to you on level 3 of the Tomb of the Ancients)
108701 | Tomb:3   | Received a gift from Sif Muna
108871 | Tomb:3   | Learned a level 5 spell: Aura of Abjuration
108995 | Tomb:3   | Identified Sif Muna's Volume of Glacial Boosts
109000 | Tomb:3   | Identified the Handbook of Supportive Stolen Souls
109036 | Tomb:3   | Identified the +10 rapier of Lumial {venom, +Rage rF+ rC- Str+3} (You found it on level 3 of the Tomb of the Ancients)
109162 | Tomb:2   | Killed a greater mummy
109663 | Zig:1    | Entered Level 1 of a ziggurat
109695 | Zig:2    | Entered Level 2 of a ziggurat
109695 | Zig:2    | Noticed Ygiyboc the pandemonium lord
109698 | Zig:2    | Killed Ygiyboc the pandemonium lord
109756 | Zig:3    | Entered Level 3 of a ziggurat
109799 | Zig:4    | Entered Level 4 of a ziggurat
109804 | Zig:4    | Reached skill level 24 in Spellcasting
109859 | Zig:5    | Entered Level 5 of a ziggurat
109911 | Zig:5    | Identified the amulet of Kagreradd {rF+ Regen+ SInv} (You found it on level 5 of a ziggurat)
109970 | Zig:6    | Entered Level 6 of a ziggurat
110106 | Zig:7    | Entered Level 7 of a ziggurat
110150 | Zig:7    | Identified a +1 pair of boots of running (You found it on level 7 of a ziggurat)
110204 | Zig:8    | Entered Level 8 of a ziggurat
110219 | Zig:8    | Identified Sif Muna's Handbook of Flames and Weightlessness (Sif Muna gifted it to you on level 8 of a ziggurat)
110219 | Zig:8    | Received a gift from Sif Muna
110355 | Zig:8    | Identified the Volume of the Entourage
110359 | Zig:8    | Got a translucent helmet
110360 | Zig:8    | Identified the +0 helmet of Hairiness {*Slow rPois rN++ Int-3} (You found it on level 8 of a ziggurat)
110382 | Zig:9    | Entered Level 9 of a ziggurat
110456 | Zig:9    | Identified the +8 demon trident "Ogrebane" {pain, rElec} (You found it on level 9 of a ziggurat)
110507 | Zig:10   | Entered Level 10 of a ziggurat
110518 | Zig:10   | Noticed a greater mummy
110522 | Zig:10   | Killed a greater mummy
110707 | Zig:11   | Entered Level 11 of a ziggurat
110825 | Zig:11   | Identified the +5 long sword "Sanoseh" {flame, rN+ Str+2} (You found it on level 11 of a ziggurat)
110826 | Zig:11   | Identified the Catalogue of Warped Conjuration
110830 | Zig:11   | Identified the cursed +0 leather armour "Zaps" {Slay+5} (You found it on level 11 of a ziggurat)
110909 | Zig:12   | Entered Level 12 of a ziggurat
110939 | Zig:12   | Identified Sif Muna's Collected Works on the Glacier and Ignition (Sif Muna gifted it to you on level 12 of a ziggurat)
110939 | Zig:12   | Received a gift from Sif Muna
111130 | Zig:13   | Entered Level 13 of a ziggurat
111202 | Zig:13   | Identified the amulet of Xegh {Gourm rN+} (You found it on level 13 of a ziggurat)
111223 | Zig:13   | Reached skill level 25 in Spellcasting
111223 | Zig:13   | Reached skill level 10 in Earth Magic
111300 | Zig:14   | Entered Level 14 of a ziggurat
111315 | Zig:14   | Noticed an ancient lich
111318 | Zig:14   | Noticed an ancient lich
111338 | Zig:14   | Identified Kalaf's Incunabulum of Harmful Clay (Sif Muna gifted it to you on level 14 of a ziggurat)
111338 | Zig:14   | Received a gift from Sif Muna
111349 | Zig:14   | Killed an ancient lich
111350 | Zig:14   | Killed an ancient lich
111462 | Zig:14   | Identified the ring "Xoluj" {rCorr rElec Dex+3} (You found it on level 14 of a ziggurat)
111593 | Zig:15   | Entered Level 15 of a ziggurat
111643 | Zig:15   | Identified the Grimoire of Scorching Lightness
111647 | Zig:15   | Identified Ruryaf's Incunabulum of the Oath
111660 | Zig:15   | Identified the cursed +1 spear of Teshaom {drain, +Rage rC+} (You found it on level 15 of a ziggurat)
111663 | Zig:15   | Identified Sif Muna's Volume of Creation (Sif Muna gifted it to you on level 15 of a ziggurat)
111663 | Zig:15   | Received a gift from Sif Muna
111669 | Zig:15   | Identified the cursed +1 long sword of Ponk {drain, rF+ MR+ Str+2 Stlth-} (You found it on level 15 of a ziggurat)
111738 | Zig:16   | Entered Level 16 of a ziggurat
111837 | Zig:16   | Identified Sacreo's Handbook of Feathery Summoning
111849 | Zig:16   | Reached skill level 26 in Spellcasting
111867 | Zig:16   | Identified Vehumet's Papyrus of Conjuration
111883 | Zig:16   | Identified the cursed +2 falchion of Jeugguem {slice, Dex+5} (You found it on level 16 of a ziggurat)
111902 | Zig:17   | Entered Level 17 of a ziggurat
111974 | Zig:17   | Gained mutation: You are covered in fur. (AC +1) [a neqoxec]
111977 | Zig:17   | Gained mutation: Armour fits poorly on your strangely shaped body. [a neqoxec]
112159 | Zig:17   | Identified Coxicw's Almanac of the Forest
112165 | Zig:17   | Identified Sif Muna's Reference Book on Execration and Black Arts
112169 | Zig:17   | Identified the Incunabulum of Gliding Ice
112192 | Zig:17   | Got faintly humming ice dragon scales
112203 | Zig:17   | Identified the +0 ice dragon scales "Lucuzeh" {*Drain rPois rF- rC++ MR++ Int+2} (You found it on level 17 of a ziggurat)
112221 | Zig:17   | Got a jewelled hand axe
112222 | Zig:17   | Identified the +7 hand axe of the Ass {antimagic, +Fly rF- Str+2 Int+8} (You found it on level 17 of a ziggurat)
112589 | Zot:5    | Noticed an orb of fire
112596 | Zot:5    | Killed an orb of fire
112611 | Zot:5    | Noticed an ancient lich
112616 | Zot:5    | Killed an ancient lich
112800 | Zot:5    | Identified Sif Muna's Almanac of the Oath and Combat Magic (Sif Muna gifted it to you on level 5 of the Realm of Zot)
112800 | Zot:5    | Received a gift from Sif Muna
112848 | Zot:5    | Noticed an orb of fire
112857 | Zot:5    | Killed an orb of fire
112860 | Zot:5    | Noticed an orb of fire
113340 | Zot:5    | Noticed an orb of fire
113345 | Zot:5    | Killed an orb of fire
113441 | Zot:5    | Noticed an ancient lich
113445 | Zot:5    | Killed an ancient lich
113671 | Zot:5    | Killed an orb of fire
113671 | Zot:5    | Reached skill level 27 in Spellcasting
114273 | Zot:5    | Noticed an orb of fire
114276 | Zot:5    | Killed an orb of fire
114428 | Zot:5    | Noticed an orb of fire
114430 | Zot:5    | Killed an orb of fire
114454 | Zot:5    | ## The red draconian scorcher roars! You hear a distant "Zot"! The black draconian stormcaller mumbles some strange prayers to Qazlal against you. The cutting wind hits you! The red draconian scorcher gestures at you while chanting. _The sphere of damnation explodes! The damnation engulfs you! You hear a distant "Zot"! The red draconian scorcher gestures at you while chanting. The sphere o
114604 | Zot:5    | Noticed an orb of fire
114607 | Zot:5    | Killed an orb of fire
114769 | Zot:5    | Noticed an ancient lich
114772 | Zot:5    | Killed an ancient lich
114772 | Zot:5    | Identified Sif Muna's Compendium of Battle Magic and Dark Rites (Sif Muna gifted it to you on level 5 of the Realm of Zot)
114772 | Zot:5    | Received a gift from Sif Muna
114783 | Zot:5    | Learned a level 8 spell: Lehudib's Crystal Spear
114795 | Zot:5    | Learned a level 7 spell: Spellforged Servitor
114928 | Zot:5    | Reached skill level 15 in Invocations
114980 | Zot:5    | Noticed an orb of fire
114984 | Zot:5    | Killed an orb of fire
115204 | Zot:5    | Noticed an ancient lich
115208 | Zot:5    | Killed an ancient lich
115906 | Hell     | Identified Sif Muna's Almanac of Arcane Weapons (Sif Muna gifted it to you in the Vestibule of Hell)
115906 | Hell     | Received a gift from Sif Muna
115992 | Hell     | Found a gateway to the Iron City of Dis.
116110 | Dis:1    | Entered Level 1 of the Iron City of Dis
116365 | Dis:3    | Reached skill level 15 in Dodging
117151 | Dis:5    | You fall through a shaft!
117651 | Dis:6    | Identified Sif Muna's Grimoire of the Captivating Frostbite (Sif Muna gifted it to you on level 6 of the Iron City of Dis)
117651 | Dis:6    | Received a gift from Sif Muna
117798 | Dis:7    | Entered Level 7 of the Iron City of Dis
117855 | Dis:7    | Reached skill level 10 in Evocations
117943 | Dis:7    | Noticed Dispater
118078 | Dis:7    | Killed Dispater
118109 | Dis:7    | Got an iron rune of Zot
118183 | Hell     | Found a gateway to the ashen valley of Gehenna.
118207 | Geh:1    | Entered Level 1 of Gehenna
118911 | Geh:2    | Identified Adoqe's Handbook of Stones and Calling (Sif Muna gifted it to you on level 2 of Gehenna)
118911 | Geh:2    | Received a gift from Sif Muna
120135 | Geh:7    | Entered Level 7 of Gehenna
120285 | Geh:7    | Identified Nouto's Catalogue of Confrontation (Sif Muna gifted it to you on level 7 of Gehenna)
120285 | Geh:7    | Received a gift from Sif Muna
120426 | Geh:7    | Noticed Asmodeus
120455 | Geh:7    | Killed Asmodeus
120470 | Geh:7    | Got an obsidian rune of Zot
120504 | Geh:7    | Got a slimy trident
120505 | Geh:7    | Identified the +2 trident "Usedwenn" {drain, MR+ Str-2 Int-4 Dex+7} (You found it on level 7 of Gehenna)
120517 | Geh:7    | Got a polished short sword {pain}
120518 | Geh:7    | Identified the +10 short sword "Ashoraa" {pain, rN++ MR- Int+3 Stlth+} (You took it off a balrug on level 7 of Gehenna)
120591 | Hell     | Found a gateway to the decaying netherworld of Tartarus.
120649 | Tar:1    | Entered Level 1 of Tartarus
121075 | Tar:7    | Entered Level 7 of Tartarus
121917 | Tar:7    | Identified Sif Muna's Handbook of the Entourage (Sif Muna gifted it to you on level 7 of Tartarus)
121917 | Tar:7    | Received a gift from Sif Muna
121995 | Tar:7    | Got a jewelled spear
122102 | Tar:7    | Reached skill level 15 in Earth Magic
122130 | Tar:7    | Noticed Ereshkigal
122152 | Tar:7    | Killed Ereshkigal
122187 | Tar:7    | Got a bone rune of Zot
122404 | Pan      | Entered Pandemonium
122662 | Pan      | Noticed Xisesoq the pandemonium lord
122665 | Pan      | Killed Xisesoq the pandemonium lord
122839 | Pan      | Noticed Raelewo the pandemonium lord
122875 | Pan      | Killed Raelewo the pandemonium lord
122896 | Pan      | Reached skill level 10 in Shields
123006 | Pan      | Found an exit through the horrors of the Abyss.
123300 | Pan      | Found an exit through the horrors of the Abyss.
123406 | Pan      | Found an exit through the horrors of the Abyss.
123447 | Pan      | Identified the +4 scale mail "Otoutan" {MR+ Int+2 SInv} (You found it in Pandemonium)
123666 | Pan      | Found an exit through the horrors of the Abyss.
123930 | Pan      | Identified Niung's Incunabulum of Aerial Translocation (Sif Muna gifted it to you in Pandemonium)
123930 | Pan      | Received a gift from Sif Muna
123961 | Pan      | Noticed Weicker the pandemonium lord
123973 | Pan      | Killed Weicker the pandemonium lord
124718 | Pan      | Noticed Xoedghor the pandemonium lord
124759 | Pan      | Killed Xoedghor the pandemonium lord
125056 | Pan      | Entered the realm of Gloorx Vloq.
125087 | Pan      | Noticed Gloorx Vloq
125097 | Pan      | Killed Gloorx Vloq
125218 | Pan      | Got a dark rune of Zot
125841 | Pan      | Identified Sif Muna's Handbook of Slavery (Sif Muna gifted it to you in Pandemonium)
125841 | Pan      | Received a gift from Sif Muna
125877 | Pan      | Noticed Onadymm the pandemonium lord
125904 | Pan      | Killed Onadymm the pandemonium lord
126389 | Pan      | Gained mutation: Your muscles are strong. (Str +2) [potion of beneficial mutation]
126917 | Pan      | Found an exit through the horrors of the Abyss.
126925 | Pan      | Found a runed door.
126963 | Pan      | Found a runed door.
126963 | Pan      | Noticed Wipp the pandemonium lord
126966 | Pan      | Killed Wipp the pandemonium lord
126985 | Pan      | Found a runed door.
126985 | Pan      | Found a runed door.
126991 | Pan      | Got a bloodstained shield
126992 | Pan      | Identified the +2 shield of Lethargy {rF+ Str+4} (You found it in Pandemonium)
127051 | Depths:5 | Escaped Pandemonium
127058 | Pan      | Entered Pandemonium
127167 | Pan      | Found an exit through the horrors of the Abyss.
127170 | Pan      | Noticed Veciafot the pandemonium lord
127170 | Pan      | Found a runed door.
127183 | Pan      | Found a runed door.
127184 | Pan      | Noticed Anoovuank the pandemonium lord
127187 | Pan      | Killed Anoovuank the pandemonium lord
127216 | Pan      | Found a runed door.
127222 | Pan      | Found a runed door.
127232 | Pan      | Got a sparkling golden ring
127233 | Pan      | Identified the ring "Niorgh" {*Contam +Fly rF+ Str+5 Dex+2} (You found it in Pandemonium)
127485 | Pan      | Found an exit through the horrors of the Abyss.
127896 | Pan      | Found an exit through the horrors of the Abyss.
127982 | Pan      | Noticed Coebb the pandemonium lord
128043 | Pan      | Killed Coebb the pandemonium lord
128129 | Pan      | Identified Sif Muna's Tome of Boosting Summoning (Sif Muna gifted it to you in Pandemonium)
128129 | Pan      | Received a gift from Sif Muna
128170 | Pan      | Found an exit through the horrors of the Abyss.
128248 | Pan      | Noticed Joahupel the pandemonium lord
128253 | Pan      | Killed Joahupel the pandemonium lord
128253 | Pan      | Reached skill level 15 in Shields
128534 | Pan      | Got a faintly glowing granite ring
128535 | Pan      | Identified the ring "Aro Kuab" {+Inv rF+ MR+ Str+2} (You took it off a monstrous demonspawn in Pandemonium)
129379 | Pan      | Found a glowing silver altar of Zin.
129381 | Pan      | Identified Sif Muna's Reference Book on Lucky Enchantment (Sif Muna gifted it to you in Pandemonium)
129381 | Pan      | Received a gift from Sif Muna
129850 | Pan      | Found a white marble altar of Elyvilon.
130180 | Pan      | Noticed a seraph
130190 | Pan      | Killed a seraph
130335 | Pan      | Found a glowing golden altar of the Shining One.
130346 | Pan      | Got a demonic rune of Zot
130348 | Pan      | Got a pair of ichor-stained gloves
130349 | Pan      | Identified the +1 pair of gloves of the Pit {rPois rCorr} (You found it in Pandemonium)
130369 | Pan      | Got an iridescent flail
130370 | Pan      | Identified the +6 flail of the Hand {flame, +Inv rN+ Stlth+} (You found it in Pandemonium)
130376 | Pan      | Got a transparent war axe
130377 | Pan      | Identified the +1 war axe of Lies {holy, Dex+3} (You found it in Pandemonium)
130385 | Pan      | Identified the cursed +1 chain mail of Mahok {*Contam MP+9 Str+3 Int+8} (You found it in Pandemonium)
131064 | Pan      | Entered the realm of Mnoleg.
131158 | Pan      | Noticed Mnoleg
131240 | Pan      | Killed Mnoleg
131276 | Pan      | Reached skill level 10 in Armour
131336 | Pan      | Got a glowing rune of Zot
131378 | Pan      | Found an exit through the horrors of the Abyss.
131482 | Pan      | Found an exit through the horrors of the Abyss.
131819 | Pan      | Entered the realm of Lom Lobon.
132079 | Pan      | Identified Sif Muna's Almanac of the Supportive Arsonist (Sif Muna gifted it to you in Pandemonium)
132079 | Pan      | Received a gift from Sif Muna
132452 | Pan      | Noticed Lom Lobon
132465 | Pan      | Got a magical rune of Zot
132469 | Pan      | Killed Lom Lobon
132629 | Pan      | Found an exit through the horrors of the Abyss.
132876 | Pan      | Found an exit through the horrors of the Abyss.
133075 | Pan      | Found an exit through the horrors of the Abyss.
133105 | Pan      | Entered the realm of Cerebov.
133139 | Pan      | Identified the +9 large shield of Least Resistance {-Cast *Contam rF++ Dex+4} (You found it in Pandemonium)
133177 | Pan      | Got a vibrating golden ring
133179 | Pan      | Identified the ring "Jesyeps" {rPois rF+ MR+ Int+4 Dex-2} (You found it in Pandemonium)
133199 | Pan      | Got a glittering turquoise ring
133222 | Pan      | Got a translucent triple sword
133279 | Pan      | Noticed Cerebov
133432 | Pan      | Killed Cerebov
133452 | Pan      | Got a fiery rune of Zot
133492 | Pan      | Found an exit through the horrors of the Abyss.
133609 | Pan      | Took an exit into the Abyss.
133609 | Abyss:1  | Escaped into the Abyss
133649 | Depths:5 | Escaped the Abyss
133712 | Zig:1    | Entered Level 1 of a ziggurat
133735 | Zig:2    | Entered Level 2 of a ziggurat
133762 | Zig:3    | Entered Level 3 of a ziggurat
133765 | Zig:3    | Noticed a juggernaut
133767 | Zig:3    | Killed a juggernaut
133789 | Zig:3    | Identified the +3 triple sword "Leviticus" {slice, Str-4 Int+3} (You found it in Pandemonium)
133791 | Zig:3    | Identified the ring of the Echidna {Int+7 Dex+9 Slay-3 Stlth+} (You found it in Pandemonium)
133811 | Zig:4    | Entered Level 4 of a ziggurat
133943 | Zig:5    | Entered Level 5 of a ziggurat
134004 | Zig:6    | Entered Level 6 of a ziggurat
134042 | Zig:6    | Identified the +0 shadow dragon scales of the Monk {+Inv Int+3 Stlth++++} (You found it on level 6 of a ziggurat)
134044 | Zig:6    | Identified the +8 triple sword "Necwiwe" {pain, rC+ Str+4} (You found it on level 6 of a ziggurat)
134051 | Zig:7    | Entered Level 7 of a ziggurat
134059 | Zig:7    | Identified Sif Muna's Reference Book on Flying Attacks (Sif Muna gifted it to you on level 7 of a ziggurat)
134059 | Zig:7    | Received a gift from Sif Muna
134125 | Zig:7    | Identified the amulet of Baong {Harm *Drain rPois rN+ Int-5} (You found it on level 7 of a ziggurat)
134132 | Zig:8    | Entered Level 8 of a ziggurat
134139 | Zig:8    | Noticed Anoru the pandemonium lord
134146 | Zig:8    | Killed Anoru the pandemonium lord
134147 | Zig:8    | Identified Sif Muna's Guide on the Rocks (Sif Muna gifted it to you on level 8 of a ziggurat)
134147 | Zig:8    | Received a gift from Sif Muna
134322 | Zig:8    | Upgraded the game from 0.20-a0-501-g0de2c2e to 0.20-a0-502-g555d78b
134325 | Zig:9    | Entered Level 9 of a ziggurat
134364 | Zig:9    | Identified the Tome of the Creative Mountains
134473 | Zig:10   | Entered Level 10 of a ziggurat
134517 | Zig:10   | Identified Sif Muna's Tome of Creative Clay
134544 | Zig:10   | Identified the +2 falchion "Murmur" {holy, rN+} (You found it on level 10 of a ziggurat)
134583 | Zig:11   | Entered Level 11 of a ziggurat
134630 | Zig:11   | Identified the Handbook of Fetching Intoxication
134655 | Zig:11   | Learned a level 8 spell: Borgnjor's Revivification
134820 | Hell     | Found a gateway to the freezing wastes of Cocytus.
134895 | Coc:1    | Entered Level 1 of Cocytus
135043 | Coc:3    | Identified Sif Muna's Handbook of Lightness and Dark Arts (Sif Muna gifted it to you on level 3 of Cocytus)
135043 | Coc:3    | Received a gift from Sif Muna
135220 | Coc:5    | You fall through a shaft!
135237 | Coc:7    | Entered Level 7 of Cocytus
135404 | Coc:7    | Noticed the Serpent of Hell
135414 | Coc:7    | Killed the Serpent of Hell
135798 | Coc:7    | Reached skill level 15 in Evocations
135865 | Coc:7    | Noticed Antaeus
135911 | Coc:7    | Killed Antaeus
135914 | Coc:7    | Got a glittering granite ring
135928 | Coc:7    | Got an icy rune of Zot
135931 | Coc:7    | Got a faintly glowing marble ring
135934 | Coc:7    | Identified the ring "Imucliff" {*Tele rPois rC+ rN+} (You took it off Antaeus on level 7 of Cocytus)
135936 | Coc:7    | Identified the ring "Moydikle" {rElec rN++ Int-3 SInv Stlth+} (You found it on level 7 of Cocytus)
136279 | Zot:5    | Got the Orb of Zot
136603 | D:12     | Noticed Uphon the pandemonium lord
136607 | D:12     | Killed Uphon the pandemonium lord
136614 | D:12     | Noticed Ytyudiq the pandemonium lord
136620 | D:12     | Killed Ytyudiq the pandemonium lord
136867 | D:$      | Escaped with the Orb!

Vault maps used:
D:1:      denvon_arrival_waterhouse, minmay_misc_feat_room
D:2:      first_bread, kennysheep_decorative_pillar, nrook_mini_backslash
D:4:      uniq_sigmund
D:5:      grunt_qazlal_sundering
D:6:      lemuel_doored_altar, serial_shops, kennysheep_mini,
          fedhas_altar_fruit_tree
D:7:      zin_purify, uniq_pikel
D:8:      hangedman_ranch, nicolae_water_bricks
D:9:      old_forge, vehumet_crystals, uniq_erica
D:10:     minmay_shrinking_squares, serial_shops, kennysheep_mini_moat,
          hangedman_abyss_or_decor_jellyfish_corner, uniq_urug
D:11:     lair_entry_dummy, basic_altar, kennysheep_pointless_box
D:12:     orc_david_3, kennysheep_generic_room_16, uniq_josephine, uniq_snorg
D:13:     david_vaults_1, serial_shops, shop_fountains, serial_ice,
          serial_ice_c, serial_ice_f, serial_ice_g, serial_ice_d, uniq_rupert
D:14:     minmay_wizard_corner, nicolae_trove_entry_crystal, basic_altar,
          hex_medium, hangedman_batty, uniq_roxanne
D:15:     hangedman_depths_entry_try_elsewhere_first, grunt_decor_resistance
Temple:   nicolae_temple_no_exploring_needed
Lair:1:   lemuel_slime, uniq_gastronok
Lair:3:   regret_index_wax_grids, shoals_dummy_entry,
          minmay_snake_entry_guardpost_medium
Lair:4:   enter_volcano_3, portal_ice_cave_entry_imps, serial_bayou_shore_a,
          grunt_megastairs_5, uniq_kirke
Lair:5:   onia_ninara_swampy_vault
Lair:6:   grunt_lair_end_beastmaster, minmay_slime_entry_oklob_open,
          grunt_forest_large_clearing_hut, infiniplex_staircase_pool_2,
          lemuel_fruit_tree
Shoals:1: nicolae_shoals_stone_sculpture_thing
Shoals:2: nicolae_shoals_mertower, uniq_aizul, uniq_nikola
Shoals:3: wheals_shoals_ruined_temple
Shoals:4: shoals_end_simple, shoals_ilsuiw_alternative, kb_tengu_band
Snake:1:  grunt_ministairs_2
Snake:3:  serial_bayou_ford_a, uniq_vashnia, uniq_asterion
Snake:4:  grunt_snake_rune_spirals
Slime:3:  cheibrodos_slime_lost_civilization_2
Slime:4:  uniq_dissolution
Orc:1:    nicolae_orc_accident_3, enter_bailey_2
Orc:2:    st_orc_elflike
Elf:1:    minmay_elf_arrival_summoners, orc_legates, nicolae_elf_m_pinch
Elf:3:    elf_hall_gauntlet_wide, hangedman_decor_cross_pass
Vaults:1: serial_ice_b, v_misc_29, hangedman_vaults_snaps,
          hangedman_vaults_stream, vaults_dpeg_ring,
          hangedman_vaults_stretched_pinwheel, v_rooms_5, vaults_dpeg_doors,
          grunt_vaults_diagonal, ontoclasm_vaults_claustrophobia, v_misc_23,
          v_misc_2, dpeg_vaults_monster_row
Vaults:2: vaults_room_fours, minmay_crypt_entry_simple_statues,
          nicolae_vaults_little_squares_6, v_misc_18,
          nicolae_vaults_little_squares_3, nicolae_vaults_an_arrangement,
          vaults_room_door_hall, nicolae_vaults_little_squares_1,
          vaults_dpeg_encased_lava, ontoclasm_vaults_fault, vaults_room_corners,
          nicolae_vaults_little_squares_6, nicolae_vaults_asterisk, uniq_jory
Vaults:3: vaults_mumra_minichess_inversion, v_misc_14, vaults_dpeg_cross,
          nicolae_vaults_little_ls, v_misc_29, vaults_room_fours,
          nicolae_vaults_big_ls, nicolae_vaults_network_square, v_misc_23,
          v_misc_5, st_octagons_1, serial_shops, bzr_entry_road
Vaults:4: ontoclasm_vaults_hangar, nicolae_vaults_diagonal_hallway_8,
          vaults_room_pool, ontoclasm_vaults_bender, v_rooms_5,
          hangedman_vaults_impose, st_lattice, v_alt_pattern_2,
          hangedman_vaults_restitches, vaults_room_hallway,
          ontoclasm_vaults_twist, nicolae_vaults_twisting_passages,
          v_alt_pattern_6, grunt_vaults_hallway_long, v_pattern_1,
          vaults_room_semicircle, basic_altar
Vaults:5: uniq_mennas, uniq_jorgrun
Crypt:2:  basic_stair_grate_trap, roderic_lattice_octagonal_star, uniq_xtahua
Crypt:3:  evilmike_haunted_forest
Depths:1: minmay_tile_spiral, enter_ziggurat_a, pf_hell_entry_tar_spiral,
          serial_shops, nicolae_shop_overgrown_old_shop, shop,
          minmay_misc_feat_four_crosses, kennysheep_small_circle, firewood_loft,
          serial_bayou_shore_b, uniq_bai_suzhen
Depths:2: nicolae_legendary_halls, minmay_strange_pillars, pan_entry,
          hangedman_abyss_entry_splay, hell_entry,
          serial_sigils_hangedman_scratch, infiniplex_staircase_zigzag_5
Depths:3: kennysheep_ogre_elephant_herders, hangedman_decor_slide_cut,
          grunt_pan_entry_sceptre, serial_shops, nicolae_shop_stone, shop,
          nicolae_shop_window_shopping, hell_entry, serial_bayou_lagoon_b,
          uniq_mara
Depths:4: kennysheep_treasure_stockpile, hangedman_abyss_or_decor_passed,
          minmay_room_of_horrors, hell_entry, hex_tiny,
          nicolae_antique_artefacts, minmay_shoptagon, uniq_frederick,
          uniq_saint_roka, uniq_enchantress
Depths:5: evilmike_zot_entry_diamond, chequers_big_river,
          rand_demon_pan_entry_9, hangedman_coc_ice_floe
Dis:2:    hangedman_dis_decor_tower, hangedman_mysterious_dungeon_monster_house
Dis:4:    kennysheep_iron_temple
Dis:6:    hangedman_dis_monolith
Dis:7:    iron_city_of_dis
Geh:1:    nicolae_geh_single_fiery_grave
Geh:2:    hangedman_generic_boss_arena
Geh:7:    geh_old
Coc:7:    coc_hangedman
Tar:3:    grunt_deathspiral_small
Tar:7:    tar_mu
Zot:1:    kennysheep_ambush_hall
Zot:3:    kennysheep_room_grid, hangedman_spider_trapstep
Zot:4:    st_stairs_8, nicolae_transmutations_shop
Zot:5:    basic_stair_grate_trap
Abyss:2:  guppyfry_abyss_exit_spiral_guarded
Abyss:3:  nicolae_abyss_rune_left_handed
Pan:      grunt_pan_frozen_over, nicolae_pan_cerebovesque_2,
          evilmike_mini_pan_3x3, evilmike_mini_pan_V,
          evilmike_mini_pan_possible_glass, pan_blood_fountain_small,
          rand_demon_8, evilmike_mini_pan_3x3, pan_blood_fountain,
          evilmike_mini_pan_corridor, nicolae_pan_hourglass,
          nicolae_pan_sick_transit, gloorx_vloq_grunt_torture_chamber,
          rand_demon_9, nicolae_pan_diamonds, rand_demon_8, rand_demon_7,
          pan_blood_fountain_small, evilmike_mini_pan_doors_b,
          nicolae_pan_double_arrow, rand_demon_7, lemuel_hellion_island,
          pan_blood_fountain, evilmike_mini_pan_layers,
          evilmike_mini_pan_other_thingy, pan_blood_fountain_2,
          nicolae_pan_mnolegish_4, evilmike_mini_pan_doors, evilmike_holy_pan,
          rand_demon_1, rand_demon_3, pan_blood_fountain_2, mnoleg_grunt,
          nicolae_pan_mnolegish_5, reaverb_pan_chaos_star, rand_demon_2,
          pan_blood_fountain_2, nicolae_pan_mnolegish_3, nicolae_pan_hourglass,
          pan_blood_fountain_small, lom_lobon_grunt, pan_blood_fountain,
          evilmike_mini_pan_pillars, rand_demon_6, nicolae_pan_hourglass,
          nicolae_pan_sigil_nadil, rand_demon_5, reaverb_pan_squares,
          regret_index_pan_draining_boxed, pan_blood_fountain_small,
          pan_surprise, nicolae_pan_mnolegish_5, cerebov,
          pan_blood_fountain_small
Zig:5:    ziggurat_pillar_centre_dead_trees
Zig:10:   ziggurat_pillar_centre_oklobs
Zig:12:   ziggurat_pillar_centre_c
Bazaar:   bazaar_minmay_row
Trove:    trove_garden
Bailey:   bailey_polearm_flooded_kennysheep, bailey
Volcano:  volcano_aerie

Skill      XL: |  1  2  3  4  5  6  7  8  9 10 11 12 13 14 15 16 17 18 19 20 21 22 23 24 25 26 27 |
---------------+----------------------------------------------------------------------------------+-----
Summonings     | 5 6 8 9 10 12 13 14 15 16 19 21 22 23 | 23.7
Spellcasting   | 4 5 7 9 10 12 14 15 16 17 18 19 20 21 22 27 | 27.0
Fighting       | 1 3 4 5 6 7 12 13 16 17 21 | 21.0
Ice Magic      | 1 3 5 6 7 8 10 11 13 14 17 19 25 | 25.7
Hexes          | 3 5 6 8 |  8.0
Air Magic      | 1 |  1.6
Conjurations   | 4 7 8 10 11 12 13 14 16 18 21 26 | 26.0
Invocations    | 2 6 9 10 21 | 21.9
Dodging        | 6 7 8 10 18 | 18.1
Armour         | 3 6 11 | 11.8
Charms         | 2 6 |  6.1
Necromancy     | 6 10 13 14 | 14.7
Evocations     | 6 7 16 | 16.2
Staves         | 5 8 12 14 | 14.5
Translocations | 6 8 |  8.8
Shields        | 6 15 | 15.0
Earth Magic    | 25 | 25.7
Stealth        | |  2.4

Action                   |  1- 3 |  4- 6 |  7- 9 | 10-12 | 13-15 | 16-18 | 19-21 | 22-24 | 25-27 || total
-------------------------+-------+-------+-------+-------+-------+-------+-------+-------+-------++-------
Melee: Unarmed           |    56 |       |       |       |       |       |       |       |       ||    56
       Short sword       |     2 |    24 |       |       |       |       |       |       |       ||    26
       Dagger            |       |    51 |    42 |       |       |       |       |       |       ||    93
       Flail             |       |       |    40 |       |       |       |       |       |       ||    40
       Scimitar          |       |       |    31 |    24 |       |       |       |       |       ||    55
       Staff             |       |       |       |    19 |    31 |   211 |   412 |   342 |  1018 ||  2033
       Halberd           |       |       |       |   102 |   283 |    32 |       |       |       ||   417
       Rapier            |       |       |       |       |       |    15 |       |       |       ||    15
       Lajatang          |       |       |       |       |       |       |       |    45 |       ||    45
 Fire: Blowgun           |       |    19 |       |       |       |       |       |       |       ||    19
Throw: Stone             |    25 |     5 |     6 |       |       |       |       |       |       ||    36
       Javelin           |       |       |    32 |    29 |       |       |       |       |       ||    61
 Cast: Summon Small Mamm |    36 |     4 |       |       |       |       |       |       |       ||    40
       Call Imp          |    22 |    63 |    11 |     1 |       |       |       |       |       ||    97
       Call Canine Famil |     1 |     8 |    11 |    14 |     4 |       |       |       |       ||    38
       Summon Ice Beast  |       |     7 |    76 |   104 |    22 |     8 |       |       |       ||   217
       Confuse           |       |     5 |    28 |    10 |    28 |    18 |    32 |       |       ||   121
       Summon Lightning  |       |       |     6 |    85 |    56 |    65 |     9 |       |       ||   221
       Dazzling Spray    |       |       |       |    56 |     1 |       |       |       |       ||    57
       Summon Mana Viper |       |       |       |    60 |   222 |   183 |    88 |    20 |    15 ||   588
       Ozocubu's Armour  |       |       |       |    12 |    21 |    65 |     7 |     3 |       ||   108
       Summon Guardian G |       |       |       |     1 |       |    20 |     5 |       |       ||    26
       Throw Icicle      |       |       |       |    52 |   313 |   568 |   218 |   203 |   512 ||  1866
       Repel Missiles    |       |       |       |       |     5 |    14 |    14 |     9 |    18 ||    60
       Blink             |       |       |       |       |     5 |     7 |     3 |     9 |    37 ||    61
       Regeneration      |       |       |       |       |     2 |    31 |    12 |    22 |   140 ||   207
       Shadow Creatures  |       |       |       |       |       |     9 |     2 |       |       ||    11
       Bolt of Draining  |       |       |       |       |       |    89 |   408 |   292 |   187 ||   976
       Animate Dead      |       |       |       |       |       |    63 |    34 |    24 |    47 ||   168
       Dispel Undead     |       |       |       |       |       |       |    22 |   217 |   348 ||   587
       Malign Gateway    |       |       |       |       |       |       |    26 |    50 |    14 ||    90
       Dragon's Call     |       |       |       |       |       |       |       |     8 |    37 ||    45
       Control Undead    |       |       |       |       |       |       |       |    22 |   238 ||   260
       Passage of Golubr |       |       |       |       |       |       |       |     4 |    29 ||    33
       Apportation       |       |       |       |       |       |       |       |       |     9 ||     9
       Glaciate          |       |       |       |       |       |       |       |       |   783 ||   783
       Lehudib's Crystal |       |       |       |       |       |       |       |       |   189 ||   189
       Lee's Rapid Decon |       |       |       |       |       |       |       |       |    80 ||    80
       Spellforged Servi |       |       |       |       |       |       |       |       |    33 ||    33
       Aura of Abjuratio |       |       |       |       |       |       |       |       |     5 ||     5
Invok: Channel Magic     |       |       |       |     2 |       |     1 |     1 |       |    73 ||    77
       Forget Spell      |       |       |       |       |       |     1 |     1 |     2 |     2 ||     6
 Abil: Evoke Invisibilit |       |       |       |       |       |     5 |       |     1 |     9 ||    15
Evoke: Wand              |       |       |       |     7 |     5 |    14 |    16 |    10 |    33 ||    85
       Phantom mirror    |       |       |       |     1 |       |       |       |     1 |     3 ||     5
       Lamp of fire      |       |       |       |       |     2 |     1 |     2 |     1 |       ||     6
       Sack of spiders   |       |       |       |       |       |       |       |       |    13 ||    13
       Phial of floods   |       |       |       |       |       |       |       |       |     3 ||     3
       Figurine of a zig |       |       |       |       |       |       |       |       |     1 ||     1
  Use: Scroll            |     9 |     5 |     4 |    18 |    20 |    25 |    13 |    43 |    85 ||   222
       Potion            |       |     3 |     1 |     8 |     4 |     8 |     2 |     1 |    79 ||   106
 Stab: Sleeping          |     1 |     5 |     1 |     5 |     4 |       |       |       |       ||    16
       Distracted        |       |     4 |     2 |     1 |     8 |     5 |     1 |     3 |     7 ||    31
       Confused          |       |       |     3 |       |     4 |     1 |    10 |       |       ||    18
       Invisible         |       |       |       |       |       |     4 |       |     4 |       ||     8
  Eat: Chunk             |    15 |    14 |    25 |    13 |    18 |    32 |    32 |    19 |     1 ||   169
       Beef jerky        |       |       |       |     7 |     1 |       |     2 |     1 |     8 ||    19
       Royal jelly       |       |       |       |     4 |     1 |       |       |     1 |     5 ||    11
       Pizza             |       |       |       |       |     7 |     2 |       |     2 |     5 ||    16
       Fruit             |       |       |       |       |     3 |    25 |       |       |     5 ||    33
       Meat ration       |       |       |       |       |     2 |     2 |     3 |     4 |     9 ||    20
       Bread ration      |       |       |       |       |       |       |     1 |     3 |    23 ||    27
Armor: Robe              |    25 |    12 |    24 |    51 |    69 |    41 |       |       |       ||   222
       Skin              |       |     6 |    10 |       |       |       |       |       |    13 ||    29
       Steam dragon scal |       |       |       |    45 |    86 |       |       |       |       ||   131
       Leather armour    |       |       |       |       |       |    97 |    88 |    63 |       ||   248
       Acid dragon scale |       |       |       |       |       |       |       |   112 |   613 ||   725
Dodge: Dodged            |    67 |    63 |   105 |   302 |   458 |   527 |   373 |   475 |  1255 ||  3625
       Deflected         |       |       |       |       |    33 |   104 |    61 |    49 |    70 ||   317
Block: Buckler           |       |       |       |       |       |       |    58 |    66 |   277 ||   401
       Shield            |       |       |       |       |       |       |       |       |   339 ||   339
       Rpst.: Scimitar   |       |       |     5 |     5 |       |       |       |       |       ||    10
